 Dungeon Crawl Stone Soup version 0.24.0-2-g5b39cebb1c (webtiles) character file.

Game seed: 14229099244871402392, levelgen mode: deterministic

671732 Jannitor the Unseen (level 27, -11/214 (215) HPs)
             Began as a Human Chaos Knight on Oct 28, 2019.
             Was a Favourite Plaything of Xom.
             Mangled by a death scarab (19 damage)
             ... on level 3 of the Tomb of the Ancients on Oct 31, 2019.
             The game lasted 05:37:25 (143751 turns).

Jannitor the Unseen (Human Chaos Knight)          Turns: 143751, Time: 05:37:26

HP:   -11/214 (215) AC: 32    Str: 18    XL:     27
MP:   42/44         EV: 12    Int: 18    God:    Xom [.....*]
Gold: 5098          SH:  0    Dex: 19    Spells: 7/53 levels left

rFire    . . .     SeeInvis +   R - +9 rapier (speed)
rCold    . . .     Gourm    .   d - +0 shield {rN+}
rNeg     + + +     Faith    .   Z - +2 acid dragon scales
rPois    +         Spirit   .   Y - +0 mask of the Dragon {MR+ Slay+3 SInv}
rElec    .         Reflect  .   I - +2 cloak "Toxteaf" {Slay+2 Stlth+}
rCorr    +         Harm     .   q - +0 pair of gloves of the Albatross {rN++ Regen+ Int+5}
MR       +++++     Rnd*Rage +   K - +2 pair of boots {run} Stlth ++++++++++Rnd*Tele +
                                u - necklace of Bloodlust {*Rage +Rage MR++ Int-3 Slay+6 *Curse} (curse)
HPRegen  0.00/turn              j - ring of Robustness {AC+8}
MPRegen  0.29/turn              A - ring of Shadows {Umbra +Inv Stlth+}

@: silence, marked, berserk cooldown, very slightly contaminated, held, slowed,
wreathed by umbra, very slow
A: molten scales 1, agile 1, high mp 1, poison resistance, inhibited
regeneration, teleportitis 1, no potion heal 1
}: 5/15 runes: serpentine, barnacled, slimy, silver, abyssal
a: Renounce Religion, Evoke Berserk Rage, Evoke Invisibility


You were on level 3 of the Tomb of the Ancients.
You worshipped Xom.
You were Xom's teddy bear.
You were very full.

You visited 10 branches of the dungeon, and saw 50 of its levels.
You visited the Abyss 3 times.
You also visited: Trove, Gauntlet, Ice Cave and Desolation.

You collected 9672 gold pieces.
You spent 4574 gold pieces at shops.

Inventory:

Hand Weapons
 h - a +2 dagger of distortion
 R - a +9 rapier of speed (weapon)
Missiles
 k - 47 silver javelins
 v - 9 throwing nets (quivered)
 y - 17 boomerangs of dispersal
Armour
 d - a +0 shield of positive energy (worn)
 q - the +0 pair of gloves of the Albatross (worn) {rN++ Regen+ Int+5}
   (You found it in the Desolation of Salt)

   It affects your intelligence (+5).
   It greatly protects you from negative energy.
   It increases your rate of regeneration.
 I - the +2 cloak "Toxteaf" (worn) {Slay+2 Stlth+}
   (You found it on level 13 of the Dungeon)

   It affects your accuracy and damage with ranged weapons and melee attacks
   (+2).
   It makes you more stealthy.
 K - a +2 pair of boots of running (worn)
 U - +10 shadow dragon scales
 Y - the +0 mask of the Dragon (worn) {MR+ Slay+3 SInv}
   (You found it in the Desolation of Salt)

   It affects your accuracy and damage with ranged weapons and melee attacks
   (+3).
   It affects your resistance to hostile enchantments.
   It lets you see invisible.
 Z - +2 acid dragon scales (worn)
Jewellery
 j - the ring of Robustness (left hand) {AC+8}
   (You took it off a minotaur in a Gauntlet)

   [ring of protection]

   It affects your AC (+8).
 u - the cursed necklace of Bloodlust (around neck) {*Rage +Rage MR++ Int-3 Slay+6 *Curse}
   (You found it on level 3 of the Elven Halls)

   [amulet of rage]

   It affects your intelligence (-3).
   It affects your accuracy and damage with ranged weapons and melee attacks
   (+6).
   It affects your resistance to hostile enchantments.
   It lets you go berserk.
   It may make you go berserk in combat.
   It curses itself when equipped.
   It has a curse placed upon it.
 A - the ring of Shadows (right hand) {Umbra +Inv Stlth+}
   (You found it on level 7 of the Dungeon)

   [ring of stealth]

   It lets you turn invisible.
   It makes you more stealthy.
 F - the amulet "Moloac" {Acrobat +Fly rC- MR+++ Stlth-}
   (You found it in an ice cave)

   [amulet of the acrobat]

   It helps you evade while moving and waiting.
   It makes you vulnerable to cold.
   It affects your resistance to hostile enchantments.
   It lets you fly.
   It makes you less stealthy.
Wands
 a - a wand of polymorph (7)
 f - a wand of acid (46)
 p - a wand of scattershot (7)
 z - a wand of digging (20)
 C - a wand of paralysis (6)
 G - a wand of enslavement (17)
 Q - a wand of iceblast (31)
 W - a wand of clouds (12)
Scrolls
 e - a scroll of teleportation
 t - 4 scrolls of fog
 H - 16 scrolls of remove curse
 J - 2 scrolls of summoning
 M - a scroll of vulnerability
 P - 3 scrolls of holy word
 S - a scroll of blinking
 T - 7 scrolls of identify
 X - 4 scrolls of fear
Potions
 b - 6 potions of agility
 l - 4 potions of curing
 m - 6 potions of magic
 n - 4 potions of might
 r - 3 potions of haste
 w - 5 potions of resistance
 D - 4 potions of brilliance
 E - a potion of lignification
 N - 2 potions of heal wounds
 O - 2 potions of berserk rage
Miscellaneous
 g - 2 boxes of beasts
 i - a fan of gales
 o - a figurine of a ziggurat
 s - a phantom mirror
 x - a lamp of fire
 B - a phial of floods
 V - 2 sacks of spiders
Comestibles
 c - 25 rations


   Skills:
 - Level 17.2 Fighting
 - Level 14.0 Short Blades
   Level 6.3 Maces & Flails
 * Level 18.3 Armour
 - Level 14.9 Dodging
 - Level 19.9 Stealth
 - Level 15.0 Shields
 + Level 13.7 Spellcasting
 + Level 17.2 Hexes
 - Level 4.2 Charms
 + Level 11.1 Summonings
 - Level 8.4 Translocations
 - Level 4.1 Transmutations
 - Level 9.0 Air Magic
 - Level 4.1 Earth Magic
 - Level 13.2 Evocations


You had 7 spell levels left.
You knew the following spells:

 Your Spells              Type           Power        Failure   Level  Hunger
a - Apportation           Tloc           #####.       1%          1    None
b - Blink                 Tloc           N/A          1%          2    None
c - Confusing Touch       Hex            ######       0%          1    None
d - Passwall              Tmut/Erth      ####....     1%          2    None
e - Swiftness             Chrm/Air       #####...     1%          2    None
f - Song of Slaying       Chrm           ####....     1%          2    None
g - Passage of Golubria   Tloc           N/A          1%          4    #......
h - Yara's Violent Unrav  Hex/Tmut       ######....   2%          5    ####...
i - Silence               Hex/Air        ######....   1%          5    ####...
j - Darkness              Hex            ######....   1%          6    ######.
k - Summon Mana Viper     Hex/Summ       ######..     1%          5    ####...
l - Controlled Blink      Tloc           N/A          100%        8    #######
m - Regeneration          Chrm/Necr      ###.......   9%          3    None

Your spell library contained the following spells:

 Spells                   Type           Power        Failure   Level  Hunger
 Corona                   Hex            ######.      0%          1    None
 Slow                     Hex            ######..     0%          2    None
 Confuse                  Hex            ######..     0%          3    None
 Tukima's Dance           Hex            ######..     0%          3    None
 Infusion                 Chrm           ####         1%          1    None
 Shock                    Conj/Air       ####         1%          1    None
 Summon Butterflies       Summ           ######..     1%          1    None
 Summon Small Mammal      Summ           ####         1%          1    None
 Call Imp                 Summ           ######..     1%          2    None
 Ensorcelled Hibernation  Hex/Ice        #####.       1%          2    None
 Poisonous Vapours        Pois/Air       ####..       1%          2    None
 Shroud of Golubria       Chrm/Tloc      #####.       1%          2    None
 Call Canine Familiar     Summ           ######..     1%          3    None
 Dazzling Spray           Conj/Hex       #####.       1%          3    None
 Gell's Gravitas          Tloc           #####.....   1%          3    None
 Inner Flame              Hex/Fire       #####...     1%          3    None
 Lesser Beckoning         Tloc           #####.....   1%          3    None
 Portal Projectile        Hex/Tloc       ######       1%          3    None
 Summon Guardian Golem    Hex/Summ       ######..     1%          3    None
 Teleport Other           Tloc           #####...     1%          3    None
 Airstrike                Air            #####.....   1%          4    #......
 Cause Fear               Hex            ######....   1%          4    #......
 Fulminant Prism          Conj/Hex       #####.....   1%          4    #......
 Leda's Liquefaction      Hex/Erth       ######....   1%          4    #......
 Summon Lightning Spire   Summ/Air       #####...     1%          4    #......
 Invisibility             Hex            ######..     1%          6    ######.
 Static Discharge         Conj/Air       ####....     3%          3    None
 Mephitic Cloud           Conj/Pois/Air  ###.....     5%          3    None
 Metabolic Englaciation   Hex/Ice        #####.....   5%          5    ####...
 Animate Skeleton         Necr           N/A          6%          1    None
 Flame Tongue             Conj/Fire      ##...        6%          1    None
 Freeze                   Ice            ##..         6%          1    None
 Magic Dart               Conj           ##..         6%          1    None
 Pain                     Necr           ##..         6%          1    None
 Sting                    Conj/Pois      ##..         6%          1    None
 Summon Ice Beast         Ice/Summ       ####....     7%          4    #......
 Ozocubu's Armour         Chrm/Ice       ###.....     9%          3    None
 Corpse Rot               Necr           N/A          10%         2    None
 Searing Ray              Conj           ##....       10%         2    None
 Sublimation of Blood     Necr           ##........   10%         2    None
 Throw Flame              Conj/Fire      ##....       10%         2    None
 Throw Frost              Conj/Ice       ##....       10%         2    None
 Ignite Poison            Fire/Tmut/Pois ###.....     11%         3    None
 Shadow Creatures         Summ           N/A          11%         6    ######.
 Force Lance              Conj/Tloc      ####....     12%         4    #......
 Petrify                  Tmut/Erth      ####....     12%         4    #......
 Conjure Flame            Conj/Fire      ##......     19%         3    None
 Vampiric Draining        Necr           ##........   19%         3    None
 Ice Form                 Ice/Tmut       ###.....     26%         4    #......
 Lightning Bolt           Conj/Air       ####......   28%         5    ####...
 Dispersal                Tloc           #####.....   30%         6    ######.
 Blade Hands              Tmut           ####......   32%         5    ####...
 Lee's Rapid Deconstruct  Erth           ####......   32%         5    ####...
 Summon Hydra             Summ           ######....   50%         7    #######
 Animate Dead             Necr           N/A          54%         4    #......
 Iskenderun's Mystic Bla  Conj           ##......     54%         4    #......
 Olgreb's Toxic Radiance  Pois           ##......     54%         4    #......
 Sticky Flame             Conj/Fire      ##......     54%         4    #......
 Throw Icicle             Conj/Ice       ##......     54%         4    #......
 Deflect Missiles         Chrm/Air       #####.....   54%         6    ######.
 Alistair's Intoxication  Tmut/Pois      ###.....     58%         5    ####...
 Borgnjor's Vile Clutch   Necr/Erth      ###.......   58%         5    ####...
 Excruciating Wounds      Chrm/Necr      ###.......   58%         5    ####...
 Iskenderun's Battlesphe  Conj/Chrm      ###.....     58%         5    ####...
 Bolt of Magma            Conj/Fire/Erth ###.......   71%         5    ####...
 Conjure Ball Lightning   Conj/Air       ####......   83%         6    ######.
 Agony                    Necr           ##......     87%         5    ####...
 Bolt of Draining         Conj/Necr      ##........   87%         5    ####...
 Dispel Undead            Necr           ##......     87%         5    ####...
 Fireball                 Conj/Fire      ##........   87%         5    ####...
 Venom Bolt               Conj/Pois      ##........   87%         5    ####...
 Statue Form              Tmut/Erth      ####.....    87%         6    ######.
 Freezing Cloud           Conj/Ice/Air   ###.......   96%         6    ######.
 Iron Shot                Conj/Erth      ###.......   99%         6    ######.
 Haunt                    Necr/Summ      ####......   99%         7    #######
 Spellforged Servitor     Conj/Summ      ####......   99%         7    #######
 Bolt of Cold             Conj/Ice       ##........   100%        6    ######.
 Bolt of Fire             Conj/Fire      ##........   100%        6    ######.
 Ozocubu's Refrigeration  Ice            ##........   100%        6    ######.
 Poison Arrow             Conj/Pois      ##........   100%        6    ######.
 Simulacrum               Ice/Necr       ##........   100%        6    ######.
 Dragon Form              Tmut           ####......   100%        7    #######
 Orb of Destruction       Conj           ##........   100%        7    #######
 Ring of Flames           Chrm/Fire      ###.......   100%        7    #######
 Borgnjor's Revivificati  Necr           ##........   100%        8    #######
 Chain Lightning          Conj/Air       ####......   100%        8    #######
 Death's Door             Chrm/Necr      ###.......   100%        8    #######
 Disjunction              Tloc           #####.....   100%        8    #######
 Ignition                 Fire           ##........   100%        8    #######
 Infestation              Necr           ##........   100%        8    #######
 Lehudib's Crystal Spear  Conj/Erth      ###.......   100%        8    #######
 Necromutation            Tmut/Necr      ###.......   100%        8    #######
 Dragon's Call            Summ           ######....   100%        9    #######
 Fire Storm               Conj/Fire      ##........   100%        9    #######
 Glaciate                 Conj/Ice       ##........   100%        9    #######
 Shatter                  Erth           ####......   100%        9    #######
 Tornado                  Air            #####.....   100%        9    #######


Dungeon Overview and Level Annotations

Branches:
Dungeon (15/15)            Temple (0/1) D:6            Lair (6/6) D:11
 Shoals (4/4) Lair:2        Snake (4/4) Lair:2        Slime (5/5) Lair:6
    Orc (2/2) D:12            Elf (3/3) Orc:2        Vaults (5/5) D:14
  Crypt (3/3) Vaults:3       Tomb (3/3) Crypt:3      Depths (0/5) D:15
  IceCv (visited)         Desolation (visited)      Gauntlet (visited)

Altars:
Kikubaaqudgha
Makhleb
Okawaru
Qazlal
Trog
Uskayaw
Vehumet
Wu Jian
Xom
Yredelemnul
The Shining One
Beogh
Jiyva

Shops:
D:11 [   D:14 [   Orc:2 :(   Elf:1 :   Elf:3 %}   Vaults:1 (*([   Vaults:2 }
Vaults:4 :

Annotations:
Vaults:4 exclusion: shining eye
Tomb:3 Khufu


Innate Abilities, Weirdness & Mutations

You are partially covered in molten scales. (AC +2)
You are agile. (Dex +2)
You have an increased reservoir of magic. (+10% MP)
Your system is resistant to poisons. (rPois)
You do not regenerate when monsters are visible.
You are occasionally teleported next to monsters.
Potions are less effective at restoring your health.


Message History

You feel better.
You are engulfed in dark miasma.
You feel your flesh rotting away!
* * * LOW HITPOINT WARNING * * *
A death scarab comes into view.
The death scarab barely misses you. The death scarab bites you!
* * * LOW HITPOINT WARNING * * *
The death scarab bites you!!
* * * LOW HITPOINT WARNING * * *
Xom roars with laughter!
The death scarab drains your vigour!
You feel as though you will be slow longer.
The death scarab closely misses you.
The death scarab bites you but does no damage.
The death scarab bites you.
* * * LOW HITPOINT WARNING * * *
The death scarab drains your vigour!
You feel as though you will be slow longer.
The death scarab bites you!!
You die...
Xom giggles madly!

+###*,,,,............####'#****
."#*,,,,,......M.^....#*,,,,,,**
_##*,,,,,,............#**,,,,,,**
##**,,,,,,..s.........##*****,,,*
*,,,,,,,,,#.....^....# **,,*
**,,,,,,,,,#MM.8......## *,,*
*..,,,,,,,*##.sV.......# *,,*
*#...,,,,,,* #.8ssW.....#* *,,*
#....[,,,,** ##.@MM!ss...** *,,*
......,,,*****##ss....M..,****,,*
.....,,,****,**##.☼..MMM.,,,**,,*
.s...,,****,,,**##.☼.ss..,,,,,,,*
..##,,****,,,,,***##☼.##.,,,,,,,*
...###**,,,,,,,,,,**###,,,,,,,,,*
......,,,,,,,,,,,,,,,,,,,,,,,,,**
......,,,,,,*,,,,,,,,,,,,,,,,,,*
......,,,,,***,,,,,,,,,,,,,,,,**


You could see Khufu, 2 greater mummies, 3 emperor scorpions, 2 mummy priests, a
jiangshi, 4 guardian mummies, 2 ushabtiu, a hungry ghost and 7 death scarabs.

Vanquished Creatures
  the Royal Jelly (Slime:5)
  An ancient lich (Vaults:5)
  Boris (Tomb:1)
  27 greater mummies
  The ghost of royokou the Executioner, a veteran MiFi of Makhleb (Vaults:2)
  Vashnia (Snake:2)
  2 golden dragons (Vaults:5)
  A profane servitor (Abyss:4)
  A bone dragon (Abyss:3)
  A hellephant (Abyss:4)
  Rupert (Orc:2)
  2 tentacled monstrosities (Vaults:5)
  9 titans
  5 liches
  2 quicksilver dragons (Vaults:5)
  3 deep elf blademasters
  4 deep elf master archers
  7 sphinxes
  5 ancient champions
  20 acid blobs
  Frances (Snake:1)
  An Executioner (Abyss:5)
  Polyphemus (Shoals:4)
  11 tentacled starspawn
  A shadow dragon (Vaults:5)
  Kirke (Lair:5)
  5 tengu reavers
  4 storm dragons (Vaults:5)
  15 azure jellies
  15 nagarajas
  3 revenants
  2 imperial myrmidons (Desolation)
  3 iron dragons (Vaults:5)
  6 fire giants
  8 frost giants
  13 vault wardens
  The ghost of Qishud the Geomancer, an adept GrEE of Vehumet (D:15)
  2 orc warlords
  8 deep elf sorcerers
  A cacodemon (Abyss:3)
  Aizul (Snake:1)
  7 deep elf elementalists
  2 reapers
  12 ironheart preservers
  2 curse skulls
  A war gargoyle (Vaults:4)
  9 very ugly things
  6 ghouls
  5 entropy weavers
  13 stone giants
  A juggernaut skeleton (Crypt:1)
  6 vampire knights
  The ghost of xeno23 the Zephyrmancer, a journeyman OpAE of Vehumet (Lair:6)
  9 deep elf annihilators (Elf:3)
  6 bennus (Tomb:1)
  24 starcursed masses
  2 minotaurs
  8 deep elf demonologists
  The ghost of housinr the Cleaver, a journeyman MiBe of Trog (Lair:2)
  9 deep elf death magi
  5 ettins
  8 eidola
  3 crystal guardians (Desolation)
  10 merfolk impalers
  7 death oozes
  9 jiangshi
  A blizzard demon (Abyss:4)
  26 mummy priests
  An ettin (shapeshifter) (Vaults:4)
  8 deep elf high priests
  7 ragged hierophants
  A fire dragon (Vaults:1)
  19 yaktaur captains
  Josephine (Orc:1)
  A merfolk javelineer (Shoals:3)
  9 great orbs of eyes
  3 ice dragons
  A rakshasa (Abyss:4)
  10 servants of whispers (Desolation)
  4 anacondas
  8 hydras
  8 peacekeepers (Desolation)
  An anaconda (shapeshifter) (D:14)
  18 naga warriors
  3 catoblepae
  The ghost of Granthy the Markscentaur, a journeyman CeHu of Dithmenos (D:11)
  28 vault guards
  3 merfolk aquamancers
  3 centaur warriors
  An alligator snapping turtle (Shoals:4)
  34 two-headed ogres
  Erica (D:11)
  4 death knights
  25 dancing weapons
  2 merfolk avatars
  3 satyrs
  10 death yaks
  2 queen ants
  2 tengu warriors (D:15)
  10 death scarabs
  2 deep troll shamans
  9 vampire magi
  8 thrashing horrors
  Urug (Lair:2)
  14 naga sharpshooters
  10 ogre magi
  19 deep elf knights
  A deep troll earth mage (Vaults:3)
  An orc high priest (Orc:1)
  9 shock serpents
  8 wretched stars
  2 soul eaters
  20 skeletal warriors
  2 fire crabs (Abyss:3)
  2 hell knights
  6 shadow wraiths
  A spatial maelstrom (Abyss:3)
  An unseen horror (shapeshifter) (Vaults:5)
  2 unseen horrors
  A flayed ghost (Crypt:3)
  3 salamander mystics
  A ghost moth zombie (Crypt:3)
  A fire crab (shapeshifter) (Lair:4)
  10 sea snakes
  8 glowing orange brains
  17 deep trolls
  4 swamp dragons
  9 naga ritualists
  14 deep elf archers
  8 phantasmal warriors
  18 ironbrand convokers
  57 deep elf magi
  2 wizards
  A lindwurm (shapeshifter) (Vaults:3)
  17 harpies
  18 orc knights
  2 wolf spider zombies
  26 ugly things
  7 mana vipers
  A frost giant zombie (Tomb:3)
  2 wolf spiders (Vaults:4)
  6 cyclopes
  8 shining eyes
  13 salamanders
  4 manticores
  3 orc sorcerers
  2 oklob plants
  7 merfolk sirens
  A salamander (shapeshifter) (Abyss:4)
  2 worldbinders
  34 black mambas
  A dire elephant zombie (Tomb:2)
  8 fauns
  14 vault sentinels
  4 elephants (Lair:6)
  A guardian serpent (shapeshifter) (Abyss:5)
  A rust devil (Abyss:3)
  13 naga magi
  25 guardian serpents
  Psyche (D:9)
  An apocalypse crab (Abyss:3)
  A moth of wrath (Gauntlet)
  A molten gargoyle (Desolation)
  A torpor snail (Lair:3)
  3 water nymphs
  3 eyes of devastation
  Joseph (D:8)
  2 ice statues
  An eye of devastation (shapeshifter) (Vaults:5)
  6 smoke demons
  An elephant slug zombie (Crypt:3)
  13 spiny frogs
  A hellion (Gauntlet)
  6 orange demons (Abyss:3)
  11 freezing wraiths
  6 komodo dragons
  4 demonic crawlers
  An emperor scorpion zombie (Tomb:2)
  A yaktaur (shapeshifter) (Abyss:3)
  16 rime drakes
  2 efreet
  An alligator snapping turtle skeleton (Crypt:2)
  13 ancient zymes
  5 hellwings
  33 yaktaurs
  22 merfolk
  54 guardian mummies
  A tyrant leech (Vaults:4)
  An iron troll skeleton (Crypt:3)
  A merfolk (shapeshifter) (Vaults:3)
  A polar bear (shapeshifter) (Lair:1)
  A meliai (Shoals:4)
  12 polar bears
  A troll (shapeshifter) (Elf:2)
  A jumping spider (Vaults:2)
  17 trolls
  2 hornets (shapeshifter)
  A wolf spider simulacrum (D:15)
  A queen bee (shapeshifter) (Vaults:2)
  4 wind drakes
  5 bog bodies (Crypt:3)
  4 hornets
  4 blink frogs
  An iron dragon simulacrum (Tomb:2)
  137 slime creatures
  4 dream sheep
  11 raiju
  66 saltlings
  A blink frog (shapeshifter) (Vaults:5)
  12 hippogriffs
  27 flying skulls
  30 large abominations
  7 snapping turtles
  A jumping spider zombie (Crypt:3)
  3 air elementals
  14 redbacks
  4 shadows
  Sigmund (D:3)
  18 ushabtiu
  A tarantella (shapeshifter) (Lair:6)
  An ettin skeleton (Crypt:2)
  A vampire (Abyss:4)
  A yak (shapeshifter) (Vaults:4)
  39 yaks
  A fire dragon skeleton (Abyss:4)
  11 wyverns
  6 ynoxinuls (Abyss:3)
  9 wraiths
  A hungry ghost (D:11)
  2 fire elementals
  10 water elementals
  4 hogs
  3 chaos spawn
  A death yak simulacrum (Lair:6)
  6 golden eyes
  6 vampire mosquitoes (D:15)
  7 basilisks
  2 spatial vortices (Lair:6)
  3 neqoxecs (Abyss:3)
  6 wargs
  50 nagas
  4 insubstantial wisps (Abyss:3)
  2 wind drake skeletons
  6 water moccasins
  A floating eye (shapeshifter) (Vaults:3)
  8 soldier ants (Lair:3)
  4 acid dragons
  A hydra simulacrum (Lair:6)
  16 small abominations
  6 porcupines
  A spectral torpor snail (Lair:6)
  50 orc warriors
  14 eyes of draining
  3 phantoms
  4 necrophages
  An ettin simulacrum (Abyss:5)
  12 ice beasts
  4 sky beasts
  2 black bears
  A snapping turtle zombie (Crypt:1)
  47 ogres
  An ogre (shapeshifter) (D:15)
  32 wolves
  A boggart (shapeshifter) (Abyss:5)
  A hog zombie (Crypt:3)
  13 centaurs
  8 crocodiles
  A rime drake zombie (Crypt:1)
  A hippogriff zombie (Crypt:1)
  4 big kobolds
  17 bullfrogs
  A draconian skeleton (Crypt:1)
  A gnoll sergeant (D:9)
  5 earth elementals
  A salamander skeleton (Crypt:3)
  A cyclops skeleton (Crypt:3)
  A wyvern skeleton (Crypt:2)
  5 scorpions
  A raiju zombie (Crypt:2)
  A troll skeleton (Crypt:2)
  2 howler monkeys
  7 crimson imps
  A bullfrog zombie (D:11)
  3 human simulacra
  3 quasits
  Crazy Yiuf (D:7)
  4 centaur zombies
  2 centaur skeletons
  A fire crab simulacrum (Lair:6)
  A human zombie (Tomb:3)
  2 jellies
  20 orc priests
  10 hounds
  Jessica (D:3)
  26 orc wizards
  2 iguanas
  27 worker ants
  2 hound skeletons
  42 mummies
  13 gnolls
  15 adders
  6 shadow imps
  4 white imps
  An ufetubus (Abyss:3)
  An ooze (D:2)
  3 adder zombies
  An adder skeleton (D:6)
  5 worms
  A ball lightning (Crypt:3)
  4 dart slugs
  10 leopard geckos
  116 orcs
  6 ball pythons
  13 bats
  7 giant cockroaches
  14 goblins
  10 hobgoblins
  6 jackals
  31 kobolds
  6 quokkas
  8 frilled lizards
  2 jackal skeletons
  A kobold zombie (Crypt:1)
  A leopard gecko skeleton (D:5)
  A quokka skeleton (Crypt:3)
  5 rats
  A rat skeleton (Crypt:3)
  A river rat skeleton (Crypt:2)
  A fire vortex (Lair:6)
  A fungus (Lair:2)
  A plant (D:11)
  6 starspawn tentacles
2633 creatures vanquished.

Vanquished Creatures (collateral kills)
  A greater mummy (Tomb:1)
  A tentacled monstrosity (Vaults:4)
  An azure jelly (Slime:4)
  An ironheart preserver (Vaults:1)
  A halazid warlock (Desolation)
  A deep elf death mage (Elf:2)
  A merfolk javelineer (Shoals:3)
  A mummy priest (Tomb:1)
  3 vault guards
  A merfolk aquamancer (Shoals:3)
  A dancing weapon (Elf:2)
  4 death scarabs (Tomb:3)
  A deep elf knight (Elf:2)
  3 deep trolls
  An orc knight (Vaults:1)
  A mana viper (Snake:2)
  2 harpies (Shoals:1)
  2 deep elf magi (Elf:2)
  A phantasmal warrior (Crypt:1)
  A salamander (Snake:2)
  A shining eye (Slime:4)
  A water nymph (Shoals:4)
  A yaktaur (Vaults:2)
  A guardian mummy (Tomb:3)
  2 trolls
  4 saltlings (Desolation)
  A merfolk (Shoals:1)
  8 slime creatures
  A snapping turtle (Shoals:4)
  2 flying skulls
  2 water elementals (Shoals:3)
  A spiny frog zombie (Tomb:1)
  A naga (Snake:2)
  2 ogres (Orc:2)
  An eye of draining (Slime:4)
  A centaur (Vaults:2)
  2 orc wizards (D:5)
  2 mummies
  3 orcs
66 creatures vanquished.

Vanquished Creatures (others)
  A sphinx (Vaults:1)
  A deep elf sorcerer (Vaults:5)
  A fire giant (Vaults:2)
  A death ooze (Slime:5)
  A deep elf death mage (Elf:3)
  An ettin (Vaults:5)
  A merfolk impaler (Shoals:4)
  A ragged hierophant (Desolation)
  A vault guard (Vaults:2)
  7 dancing weapons
  An orc high priest (D:15)
  An orc knight (Vaults:1)
  2 ugly things
  A deep elf mage (Vaults:3)
  A guardian serpent (Desolation)
  An eye of devastation (Abyss:3)
  A spiny frog (Lair:1)
  2 yaktaurs
  2 merfolk (Shoals:3)
  A saltling (Desolation)
  A wyvern (Lair:4)
  3 yaks (Lair:3)
  A fire elemental (Elf:1)
  3 golden eyes
  A spatial vortex (Slime:3)
  A hydra simulacrum (Lair:6)
  A naga (Snake:4)
  A necrophage (Crypt:3)
  An ice beast (Lair:1)
  4 ogres
  A centaur (D:14)
  A bullfrog (Lair:1)
  A spiny frog simulacrum (Lair:6)
  A torpor snail simulacrum (Lair:6)
  A hound (D:12)
  2 orc wizards
  3 mummies
  2 ball lightnings (Lair:6)
  A leopard gecko (D:6)
  4 orcs
  A quokka (shapeshifter) (Vaults:5)
  3 demonic plants
  10 fungi
  27 plants
  18 starspawn tentacles
  30 withered plants (Crypt:3)
152 creatures vanquished.

Grand Total: 2851 creatures vanquished

Notes
Turn   | Place    | Note
-------+----------+-------------------------------------------
     0 | D:1      | Jannitor the Human Chaos Knight began the quest for the
                  | Orb.
     0 | D:1      | Reached XP level 1. HP: 18/18 MP: 1/1
    75 | D:1      | Reached XP level 2. HP: 23/24 MP: 2/2
   284 | D:1      | Reached XP level 3. HP: 29/29 MP: 3/3
   331 | D:1      | XOM: divination: detect creatures
   852 | D:2      | Reached XP level 4. HP: 26/35 MP: 4/4
  1385 | D:1      | XOM: harmless Air miscast
  1783 | D:1      | XOM: god gift: hand axe {god gift}
  1954 | D:2      | XOM: confuse monster(s)
  2068 | D:2      | XOM: cast spell 'Metabolic Englaciation'
  2074 | D:2      | Reached XP level 5. HP: 17/42 MP: 5/5
  2337 | D:2      | XOM: confuse monster(s)
  2451 | D:2      | XOM: harmless Tmut miscast
  2595 | D:2      | Found a radiant altar of Vehumet.
  2693 | D:2      | XOM: harmless Summ miscast
  2744 | D:2      | XOM: silly message
  3078 | D:3      | XOM: enchant monster (good)
  3084 | D:3      | Reached XP level 6. HP: 24/48 MP: 6/6
  3356 | D:3      | Noticed Jessica
  3364 | D:3      | Killed Jessica
  3596 | D:4      | XOM: divination: detect creatures
  3800 | D:3      | XOM: confuse monster(s)
  3943 | D:3      | XOM: scenery: create altars
  3955 | D:3      | Reached XP level 7. HP: 53/55 MP: 7/7
  4127 | D:3      | Noticed Sigmund
  4146 | D:3      | Killed Sigmund
  4436 | D:3      | Found a burning altar of Makhleb.
  4800 | D:4      | XOM: give mutations
  4800 | D:4      | Gained mutation: You passively map a small area around you.
                  | [Xom's grace]
  4800 | D:4      | Gained mutation: Your spells are a little harder to cast,
                  | but a little more powerful. [Xom's grace]
  4800 | D:4      | Gained mutation: Your muscles are strong. (Str +2) [Xom's
                  | grace]
  4800 | D:4      | Gained mutation: You have an increased reservoir of magic.
                  | (+10% MP) [Xom's grace]
  4801 | D:4      | Reached skill level 5 in Fighting
  5053 | D:4      | Reached skill level 5 in Maces & Flails
  5151 | D:4      | XOM: enchant monster (good)
  5158 | D:4      | Reached XP level 8. HP: 58/62 MP: 8/8
  5258 | D:4      | Found a shimmering altar of Xom.
  5285 | D:4      | Found a glowing golden altar of the Shining One.
  5321 | D:4      | XOM: 5-stop teleportation journey
  5352 | D:4      | Found an iron altar of Okawaru.
  5659 | D:5      | Entered Level 5 of the Dungeon
  5754 | D:5      | XOM: god gift: ration
  6132 | D:5      | XOM: god gift: curved smoking staff {god gift}
  6204 | D:5      | Reached skill level 1 in Evocations
  6250 | D:5      | XOM: potion effect (might)
  6306 | D:5      | Reached skill level 5 in Armour
  6346 | D:5      | XOM: divination: detect items
  6448 | D:5      | XOM: give mutations
  6448 | D:5      | Gained mutation: You are clumsy. (Dex -2) [Xom's mischief]
  6448 | D:5      | Gained mutation: Your body sometimes deteriorates upon
                  | taking damage. [Xom's mischief]
  6448 | D:5      | Gained mutation: You occasionally shout uncontrollably at
                  | your foes. [Xom's mischief]
  6448 | D:5      | Gained mutation: You are frail. (-10% HP) [Xom's mischief]
  6487 | D:5      | XOM: harmless Chrm miscast
  6652 | D:6      | XOM: give mutations
  6652 | D:6      | Lost mutation: Your body sometimes deteriorates upon taking
                  | damage. [Xom's mischief]
  6652 | D:6      | Gained mutation: You are very frail. (-20% HP) [Xom's
                  | mischief]
  6652 | D:6      | Lost mutation: Your spells are a little harder to cast, but
                  | a little more powerful. [Xom's mischief]
  6652 | D:6      | Lost mutation: Your muscles are strong. (Str +2) [Xom's
                  | mischief]
  6711 | D:6      | Lost mutation: You are clumsy. (Dex -2) [potion of
                  | mutation]
  6711 | D:6      | Lost mutation: You have an increased reservoir of magic.
                  | (+10% MP) [potion of mutation]
  6711 | D:6      | Gained mutation: You are partially covered in yellow
                  | scales. (AC +2) [potion of mutation]
  6723 | D:6      | Found a staircase to the Ecumenical Temple.
  6912 | D:6      | XOM: god gift: glowing cloak {god gift}
  6958 | D:5      | XOM: scenery: create altars
  6961 | D:5      | XOM: noise
  7040 | D:6      | XOM: polymorph crimson imp -> shadow imp
  7157 | D:6      | XOM: 1-stop teleportation journey
  7167 | D:6      | XOM: blink monster(s)
  7275 | D:6      | XOM: noise
  7534 | D:6      | XOM: harmless Hex miscast
  7875 | D:6      | XOM: divination: detect creatures
  7919 | D:6      | XOM: confuse monster(s)
  8353 | D:6      | XOM: divination: detect creatures
  8456 | D:6      | XOM: harmless Tloc miscast
  8531 | D:6      | XOM: polymorph crimson imp -> quasit
  8553 | D:6      | XOM: give mutation
  8553 | D:6      | Lost mutation: You occasionally shout uncontrollably at
                  | your foes. [Xom's mischief]
  8573 | D:6      | Reached skill level 5 in Dodging
  8573 | D:6      | Reached XP level 9. HP: 46/55 MP: 10/10
  8605 | D:6      | XOM: harmless Air miscast
  8617 | D:7      | XOM: noise
  8846 | D:7      | XOM: destruction
  9136 | D:7      | XOM: chaos upgrade
  9266 | D:7      | XOM: blink monster(s)
  9509 | D:7      | Found the ring of Shadows {Umbra +Inv Stlth+}
  9583 | D:7      | Found a stormy altar of Qazlal.
  9629 | D:7      | Found an ornate altar of the Wu Jian Council.
  9781 | D:7      | Found a runed translucent door.
  9782 | D:7      | Noticed Crazy Yiuf
  9799 | D:7      | Killed Crazy Yiuf
  9857 | D:7      | XOM: harmless Air miscast
  9935 | D:8      | Identified the +2 whip "Fisem" {freeze, rN+ Str+3 Int+2}
                  | (You found it on level 8 of the Dungeon)
 10058 | D:8      | Reached skill level 1 in Short Blades
 10125 | D:8      | Noticed Joseph
 10172 | D:8      | XOM: 4-stop teleportation journey
 10179 | D:8      | Reached skill level 1 in Stealth
 10190 | D:8      | Noticed a hippogriff
 10205 | D:8      | Killed a hippogriff
 10367 | D:8      | XOM: cast spell 'Summon Butterflies'
 10379 | D:8      | Reached skill level 2 in Stealth
 10398 | D:8      | Found a hide-covered altar of Uskayaw.
 10403 | D:8      | Noticed a hippogriff
 10406 | D:8      | XOM: confuse monster(s)
 10408 | D:8      | XOM: confusion (+ monsters)
 10415 | D:8      | XOM: noise
 10420 | D:8      | Killed a hippogriff
 10643 | D:8      | XOM: swap monsters
 10724 | D:8      | Reached XP level 10. HP: 61/61 MP: 12/12
 10914 | D:8      | Killed Joseph
 10914 | D:8      | Reached skill level 1 in Shields
 11041 | D:8      | XOM: summons 1 hostile demon
 11092 | D:9      | Reached skill level 3 in Stealth
 11109 | D:9      | XOM: stat loss: -1 Dex (11/12)
 11117 | D:9      | XOM: 2-stop teleportation journey
 11148 | D:9      | XOM: blink monster(s)
 11343 | D:9      | XOM: enchant monster (bad)
 11379 | D:9      | XOM: harmless Conj miscast
 11415 | D:9      | Noticed Psyche
 11465 | D:9      | XOM: harmless Summ miscast
 11491 | D:9      | XOM: harmless Hex miscast
 11492 | D:9      | XOM: give mutations
 11492 | D:9      | Lost mutation: You are partially covered in yellow scales.
                  | (AC +2) [Xom's mischief]
 11492 | D:9      | Lost mutation: You are very frail. (-20% HP) [Xom's
                  | mischief]
 11770 | D:9      | XOM: divination: magic mapping
 11939 | D:9      | XOM: god gift: 26 stones
 12002 | D:9      | XOM: potion effect (brilliance)
 12013 | D:9      | Killed Psyche
 12013 | D:9      | Reached skill level 5 in Short Blades
 12097 | D:9      | Found a bloodstained altar of Trog.
 12151 | D:10     | Entered Level 10 of the Dungeon
 12154 | D:10     | XOM: divination: magic mapping
 12182 | D:9      | XOM: potion effect (curing)
 12185 | D:9      | XOM: summons friendly crimson imp
 12188 | D:9      | XOM: summons friendly iron imp
 12200 | D:9      | XOM: summons 10 friendly demons
 12318 | D:10     | XOM: scenery: create altars
 12346 | D:10     | XOM: divination: magic mapping
 12361 | D:10     | XOM: cleaving
 12362 | D:10     | Reached skill level 4 in Stealth
 12487 | D:10     | XOM: harmless Air miscast
 12632 | D:10     | XOM: god gift: 24 gold pieces
 12827 | D:10     | XOM: divination: detect creatures
 13195 | D:11     | Found Luptenub's Antique Armour Shoppe.
 13206 | D:11     | XOM: potion effect (magic)
 13249 | D:11     | Bought a helmet for 121 gold pieces
 13327 | D:11     | Noticed an oklob plant
 13329 | D:11     | Found a staircase to the Lair.
 13392 | D:11     | Reached skill level 5 in Evocations
 13511 | D:11     | Reached XP level 11. HP: 73/77 MP: 14/14
 13528 | D:11     | Found a large runed translucent door.
 13529 | D:11     | Found a large runed translucent door.
 13532 | D:11     | Noticed Granthy's ghost (journeyman CeHu)
 13574 | D:11     | Noticed Erica
 13594 | D:11     | Killed Erica
 13594 | D:11     | Reached skill level 5 in Stealth
 13594 | D:11     | XOM: enchant monster (good)
 13964 | D:11     | Noticed a two-headed ogre
 14261 | D:12     | XOM: mild Air miscast
 14411 | D:12     | Noticed a green ugly thing
 14431 | D:12     | Killed a brown ugly thing
 14563 | D:12     | Noticed a four-headed hydra
 14578 | D:12     | XOM: harmless Pois miscast
 14673 | D:12     | Killed a four-headed hydra
 14842 | D:12     | Found a roughly hewn altar of Beogh.
 14842 | D:12     | Found a staircase to the Orcish Mines.
 14865 | D:12     | XOM: potion effect (brilliance)
 14894 | D:12     | XOM: summons friendly white imp
 14923 | D:12     | XOM: cleaving
 14930 | D:12     | XOM: divination: detect creatures
 15225 | D:12     | XOM: mild Necr miscast
 15384 | D:12     | XOM: scenery: 1 fountains blood, 1 doors close
 15601 | D:13     | Identified the cursed +0 robe of the Wild Haggis {rF+} (You
                  | found it on level 13 of the Dungeon)
 15630 | D:13     | XOM: noise
 15739 | D:13     | Identified the +2 cloak "Toxteaf" {Slay+2 Stlth+} (You
                  | found it on level 13 of the Dungeon)
 15916 | D:13     | XOM: divination: detect items
 15920 | D:13     | Reached skill level 6 in Stealth
 15962 | D:13     | XOM: divination: detect items
 15987 | D:13     | XOM: summons friendly iron imp
 16001 | D:13     | Reached skill level 5 in Shields
 16002 | D:13     | XOM: enchant monster (bad)
 16466 | D:13     | XOM: harmless Pois miscast
 16562 | D:12     | XOM is BORED!
 16562 | D:12     | XOM: noise
 16816 | D:13     | Reached XP level 12. HP: 63/84 MP: 13/16
 17040 | D:13     | XOM: cloud trail
 17084 | D:13     | XOM: give mutations
 17084 | D:13     | Gained mutation: You are very frail. (-20% HP) [Xom's
                  | mischief]
 17084 | D:13     | Gained mutation: Your magical capacity is low. (-10% MP)
                  | [Xom's mischief]
 17084 | D:13     | Lost mutation: Your magical capacity is low. (-10% MP)
                  | [Xom's mischief]
 17492 | D:11     | XOM: harmless Pois miscast
 17497 | Lair:1   | Entered Level 1 of the Lair of Beasts
 17523 | Lair:1   | Found a transporter.
 17527 | Lair:1   | Noticed a swamp dragon
 17527 | Lair:1   | Noticed a swamp dragon
 17527 | Lair:1   | Noticed a swamp dragon
 17547 | Lair:1   | Found a transporter.
 17564 | Lair:1   | Found a frozen archway.
 17581 | Lair:1   | XOM: harmless Tmut miscast
 17619 | Lair:1   | XOM: destruction
 17627 | Lair:1   | XOM: give mutations
 17627 | Lair:1   | Gained mutation: You are agile. (Dex +2) [Xom's grace]
 17627 | Lair:1   | Gained mutation: You are very agile. (Dex +4) [Xom's grace]
 17627 | Lair:1   | Gained mutation: You have sharp fingernails. [Xom's grace]
 17627 | Lair:1   | Gained mutation: You are partially covered in iridescent
                  | scales. (AC +2) [Xom's grace]
 17756 | Lair:1   | XOM: potion effect (haste)
 17786 | IceCv    | Entered an ice cave
 17906 | IceCv    | Reached skill level 7 in Stealth
 17921 | IceCv    | XOM: harmless Chrm miscast
 17926 | IceCv    | XOM: divination: detect items
 17933 | IceCv    | XOM: confuse monster(s)
 17934 | IceCv    | XOM: enchant monster (good)
 17941 | IceCv    | XOM: polymorph yak -> spiny frog
 18112 | IceCv    | Noticed a death yak
 18122 | IceCv    | Killed a death yak
 18197 | IceCv    | XOM: divination: detect items
 18364 | IceCv    | XOM: confuse monster(s)
 18391 | IceCv    | XOM: scenery: create altars
 18458 | IceCv    | XOM: give mutation
 18458 | IceCv    | Gained mutation: Your flesh is cold resistant. (rC+) [Xom's
                  | grace]
 18474 | IceCv    | XOM: polymorph wolf -> worm
 18665 | IceCv    | XOM: divination: magic mapping
 18852 | IceCv    | Noticed a death yak
 18866 | IceCv    | Killed a death yak
 18866 | IceCv    | Reached skill level 10 in Short Blades
 18867 | IceCv    | Reached XP level 13. HP: 80/80 MP: 16/18
 18941 | IceCv    | Noticed a frost giant
 18966 | IceCv    | Identified the +8 plate armour of Sloth {Dex+4} (You found
                  | it in an ice cave)
 19000 | IceCv    | Got a heavily runed diamond amulet
 19006 | IceCv    | Identified the amulet "Moloac" {Acrobat +Fly rC- MR+++
                  | Stlth-} (You found it in an ice cave)
 19033 | IceCv    | XOM: god gift: twisted ivory wand {god gift}
 19216 | Lair:1   | Noticed a seven-headed hydra
 19284 | Lair:1   | Reached skill level 8 in Stealth
 19468 | Lair:1   | XOM: god gift: short runed staff {god gift}
 19600 | Lair:1   | Learned a level 1 spell: Apportation
 19603 | Lair:1   | Learned a level 2 spell: Blink
 19635 | Lair:1   | XOM: silly message
 19662 | Lair:1   | XOM: divination: detect items
 19685 | Lair:1   | You fall into a shaft and drop 1 floor!
 19753 | Lair:2   | Found a runed translucent door.
 19753 | Lair:2   | Noticed housinr's ghost (journeyman MiBe)
 19773 | Lair:2   | XOM: silly message
 19832 | Lair:2   | XOM: polymorph naga -> acid dragon
 19980 | Lair:2   | Found a staircase to the Snake Pit.
 19996 | Lair:2   | XOM: chaos upgrade
 20036 | Lair:2   | XOM: harmless Tmut miscast
 20043 | Lair:2   | Noticed a six-headed hydra
 20090 | Lair:2   | Found a bloodstained altar of Trog.
 20117 | Lair:1   | XOM: give mutations
 20117 | Lair:1   | Gained mutation: You have an increased reservoir of magic.
                  | (+10% MP) [Xom's grace]
 20117 | Lair:1   | Gained mutation: You are partially covered in icy blue
                  | scales. (AC +2) [Xom's grace]
 20283 | Lair:2   | XOM: noise
 20430 | Lair:2   | Found a staircase to the Shoals.
 20457 | Lair:2   | XOM: mild Pois miscast
 20469 | Lair:2   | Reached skill level 10 in Fighting
 20613 | Lair:2   | XOM: mild Fire miscast
 20634 | Lair:2   | XOM: destruction
 20653 | Lair:2   | XOM: severe Tmut miscast
 20653 | Lair:2   | Gained mutation: Armour fits poorly on your strangely
                  | shaped body. [the severe capriciousness of Xom]
 20653 | Lair:2   | Gained mutation: You are weak. (Str -2) [the severe
                  | capriciousness of Xom]
 20848 | Lair:2   | Noticed Urug
 20856 | Lair:2   | Killed Urug
 20953 | Lair:2   | Noticed a seven-headed hydra
 20956 | Lair:2   | Killed a six-headed hydra
 20959 | Lair:2   | Killed a seven-headed hydra
 21071 | Lair:3   | XOM: give mutations
 21071 | Lair:3   | Lost mutation: Armour fits poorly on your strangely shaped
                  | body. [Xom's mischief]
 21071 | Lair:3   | Lost mutation: You have sharp fingernails. [Xom's mischief]
 21117 | Lair:3   | XOM: divine lightning
 21369 | Lair:3   | XOM: 2-stop teleportation journey
 21602 | Lair:3   | XOM: blink monster(s)
 21646 | Lair:3   | XOM: confuse monster(s)
 21711 | Lair:3   | XOM: divination: magic mapping
 21745 | Lair:3   | XOM: fake destruction
 21793 | Lair:3   | Gained mutation: Scrolls take you a little longer to read.
                  | [mutagenic glow]
 22123 | Lair:3   | XOM: enchant monster (good)
 22132 | Lair:3   | XOM: scenery: create altars
 22205 | Lair:3   | XOM: give mutations
 22205 | Lair:3   | Gained mutation: You are partially covered in molten
                  | scales. (AC +2) [Xom's grace]
 22205 | Lair:3   | Gained mutation: Your mind is acute. (Int +2) [Xom's grace]
 22205 | Lair:3   | Gained mutation: You are resistant to hostile enchantments.
                  | (MR+) [Xom's grace]
 22475 | Lair:3   | XOM is BORED!
 22475 | Lair:3   | XOM: summons 6 hostile demons
 22614 | Lair:2   | XOM: god gift: blackened granite ring {god gift}
 22784 | Lair:4   | Reached skill level 9 in Stealth
 22890 | Lair:4   | Noticed a four-headed hydra
 22907 | Lair:4   | XOM: summons friendly white imp
 22910 | Lair:4   | XOM: potion effect (invisibility)
 22947 | Lair:4   | Reached XP level 14. HP: 88/88 MP: 22/22
 22955 | Lair:4   | XOM: potion effect (berserk rage)
 22968 | Lair:4   | XOM: potion effect (might)
 23005 | Lair:4   | XOM: potion effect (might)
 23080 | Lair:4   | XOM: cloud trail
 23114 | Lair:4   | XOM: smoke on damage
 23361 | Lair:4   | XOM: divination: magic mapping
 23549 | Lair:4   | XOM: silly message
 23633 | Lair:5   | Noticed Kirke
 23816 | Lair:1   | XOM: potion effect (invisibility)
 23862 | Lair:1   | XOM: harmless Ice miscast
 24143 | D:11     | XOM: scenery: create altars
 24177 | D:11     | XOM: medium Tloc miscast
 24196 | D:11     | XOM: divination: magic mapping
 24267 | Orc:1    | Entered Level 1 of the Orcish Mines
 24267 | Orc:1    | Noticed a stone giant
 24274 | Orc:1    | Killed a stone giant
 24279 | Orc:1    | Noticed an orc warlord
 24290 | Orc:1    | Killed an orc warlord
 24334 | Orc:1    | Found a roughly hewn altar of Beogh.
 24389 | Orc:1    | XOM: god gift: potion of degeneration
 24526 | Orc:1    | XOM: divination: detect creatures
 24528 | Orc:1    | XOM: confuse monster(s)
 24575 | Orc:1    | Found a roughly hewn altar of Beogh.
 24703 | Orc:2    | Entered Level 2 of the Orcish Mines
 24880 | Orc:2    | XOM: give mutations
 24880 | Orc:2    | Gained mutation: You evolve. [Xom's grace]
 24880 | Orc:2    | Lost mutation: You are weak. (Str -2) [Xom's grace]
 25069 | Orc:2    | Found a staircase to the Elven Halls.
 25074 | Orc:2    | Noticed Rupert
 25090 | Orc:2    | Killed Rupert
 25203 | Orc:1    | Noticed Josephine
 25207 | Orc:1    | Killed Josephine
 25442 | Orc:1    | XOM: cloud trail
 25598 | Orc:1    | XOM: harmless Necr miscast
 25747 | Orc:2    | XOM: potion effect (agility)
 25864 | Orc:2    | Reached skill level 10 in Stealth
 25873 | Orc:2    | XOM: god gift: phantom mirror
 25915 | Orc:2    | XOM: 3-stop teleportation journey
 25943 | Orc:2    | Found Ysook's Antique Weapon Shop.
 25949 | Orc:2    | XOM: confuse monster(s)
 25970 | Orc:2    | XOM: smoke on damage
 25988 | Orc:2    | XOM: silly message
 26345 | Orc:2    | XOM: noise
 26346 | Orc:1    | XOM: confuse monster(s)
 26443 | Orc:1    | XOM: divination: detect items
 26447 | Orc:1    | XOM: potion effect (haste)
 26537 | Orc:1    | XOM: cast spell 'Alistair's Intoxication'
 26784 | Orc:1    | XOM: mild Air miscast
 26790 | Orc:1    | XOM: harmless Ice miscast
 26856 | Orc:2    | Reached XP level 15. HP: 88/94 MP: 24/24
 26883 | Orc:2    | XOM: divination: detect items
 26884 | Orc:2    | XOM: summons 12 friendly demons
 26894 | Orc:2    | XOM: potion effect (curing)
 26902 | Orc:2    | XOM: cast spell 'Summon Butterflies'
 27039 | Orc:2    | Gained mutation: Your flesh is very cold resistant. (rC++)
                  | [evolution]
 27140 | Orc:2    | Found Cyjucs's Food Boutique.
 27141 | Orc:2    | Found Houxzea's Book Emporium.
 27142 | Orc:2    | Found Vage's Food Boutique.
 27153 | Orc:2    | Reached skill level 10 in Evocations
 27482 | Orc:2    | XOM: harmless Fire miscast
 27521 | Orc:2    | XOM: divination: detect items
 27584 | Orc:2    | Upgraded the game from 0.24.0-1-gfbc8707122 to
                  | 0.24.0-2-g5b39cebb1c
 27985 | D:14     | XOM: potion effect (brilliance)
 28005 | D:14     | XOM: divination: detect items
 28193 | D:14     | XOM: divination: detect items
 28262 | D:14     | Found Faiwkedwox's Antique Armour Shop.
 28297 | D:14     | XOM: divination: magic mapping
 28319 | D:14     | Found a portal to a secret trove of treasure.
 28417 | Trove    | Entered a treasure trove
 28468 | Trove    | Got a pair of crude boots
 28474 | Trove    | Identified the +1 pair of boots of the Catfish {rC+ rCorr
                  | Int+7 Dex-4} (You found it in a treasure trove)
 28490 | Trove    | Identified a +0 pair of boots of running (You found it in a
                  | treasure trove)
 28505 | Trove    | Got a distressingly furry helmet
 28516 | Trove    | Identified the +2 helmet of the Failed Coup {+Fly} (You
                  | found it in a treasure trove)
 28525 | Trove    | XOM: summons 2 hostile demons
 28558 | Trove    | Got an encrusted ring mail
 28562 | Trove    | XOM: summons 5 hostile demons
 28569 | Trove    | Identified the +0 ring mail "Humiwnag" {rF+++ Regen+ Str-3
                  | Int-4 Stlth+} (You found it in a treasure trove)
 28876 | D:14     | Found a gate to the Vaults.
 28919 | D:15     | Entered Level 15 of the Dungeon
 28919 | D:15     | Found a gate leading to a gauntlet.
 28925 | Gauntlet | Entered a Gauntlet
 28925 | Gauntlet | Found a transporter.
 28934 | Gauntlet | Found a transporter.
 28949 | Gauntlet | Found a transporter.
 28954 | Gauntlet | Found a transporter.
 28971 | Gauntlet | Found a transporter.
 28989 | Gauntlet | Found a transporter.
 29001 | Gauntlet | Found a transporter.
 29007 | Gauntlet | Found a transporter.
 29022 | Gauntlet | Found a transporter.
 29022 | Gauntlet | Noticed a reaper
 29028 | Gauntlet | Found a transporter.
 29043 | Gauntlet | Found a transporter.
 29049 | Gauntlet | Found a transporter.
 29060 | Gauntlet | Found a large runed translucent door.
 29061 | Gauntlet | Found a large runed translucent door.
 29062 | Gauntlet | Found a large runed translucent door.
 29062 | Gauntlet | Found a large runed translucent door.
 29063 | Gauntlet | Found a runed translucent gate.
 29064 | Gauntlet | Found a transporter.
 29064 | Gauntlet | Found a runed translucent gate.
 29065 | Gauntlet | Found a runed translucent gate.
 29066 | Gauntlet | Found a large runed translucent door.
 29066 | Gauntlet | Found a large runed translucent door.
 29067 | Gauntlet | Found a large runed translucent door.
 29068 | Gauntlet | Found a large runed translucent door.
 29077 | Gauntlet | Found a large runed translucent door.
 29077 | Gauntlet | Found a large runed translucent door.
 29077 | Gauntlet | Found a runed translucent door.
 29077 | Gauntlet | Found a runed translucent door.
 29078 | Gauntlet | Found a large runed translucent door.
 29079 | Gauntlet | Found a large runed translucent door.
 29081 | Gauntlet | Found a transporter.
 29088 | Gauntlet | Found a large runed translucent door.
 29088 | Gauntlet | Found a large runed translucent door.
 29089 | Gauntlet | Found a large runed translucent door.
 29090 | Gauntlet | Found a large runed translucent door.
 29100 | Gauntlet | Found a transporter.
 29127 | Gauntlet | XOM: noise
 29130 | Gauntlet | Found a transporter.
 29130 | Gauntlet | Found a transporter.
 29181 | Gauntlet | XOM: summons 1 hostile demon
 29217 | Gauntlet | XOM: harmless Fire miscast
 29256 | Gauntlet | Found a transporter.
 29302 | Gauntlet | XOM: severe Erth miscast
 29313 | Gauntlet | XOM: medium Necr miscast
 29666 | Gauntlet | Got a scorched helmet
 29677 | Gauntlet | Identified the +0 helmet of the Desert {+Inv rF- Str+2}
                  | (You found it in a Gauntlet)
 29889 | Gauntlet | Identified the Papyrus of Creation and Enchantment
 29906 | D:15     | XOM: god gift: scroll of amnesia
 29983 | D:15     | XOM: summons friendly shadow imp
 30007 | D:15     | XOM: potion effect (berserk rage)
 30011 | D:15     | XOM: fake destruction
 30031 | D:15     | XOM: 1-stop teleportation journey
 30032 | D:15     | Identified the +3 morningstar of Qiobrish {drain, rN+ Str+2
                  | SInv}
 30032 | D:15     | Identified the +0 plate armour "Reyb" {+Blink rCorr Dex-5
                  | Stlth+}
 30033 | D:15     | XOM: summons 7 hostile demons
 30127 | D:15     | XOM: harmless Hex miscast
 30138 | D:15     | XOM: summons 5 friendly demons
 30145 | D:15     | Reached skill level 11 in Stealth
 30270 | D:15     | Found a runed translucent gate.
 30270 | D:15     | Found a runed translucent gate.
 30453 | D:15     | XOM: confusion
 30661 | D:15     | Identified the +3 long sword of Havoc {flame, rC+ Dex+6}
 30661 | D:15     | Identified the cursed +0 chain mail "Ruxziec" {Dex+3}
 30661 | D:15     | Identified the ring "Bumo" {*Corrode rPois MR+ Str+5}
 30662 | D:15     | Noticed Qishud's ghost (adept GrEE)
 30663 | D:15     | Found a runed translucent gate.
 30664 | D:15     | Found a roughly hewn altar of Beogh.
 30803 | D:15     | Found a staircase to the Depths.
 30806 | D:15     | XOM: harmless Fire miscast
 30813 | D:15     | XOM: cleaving
 30897 | D:15     | Noticed a ghost moth
 30898 | D:15     | Noticed a quicksilver dragon
 30898 | D:15     | a ghost moth changed into a quicksilver dragon
 31014 | D:15     | Identified the cursed +0 scale mail of Hopurgh {Dex+6} (You
                  | found it on level 15 of the Dungeon)
 31051 | D:15     | XOM: god gift: 22 bolts
 31202 | Shoals:1 | Entered Level 1 of the Shoals
 31203 | Shoals:1 | Reached XP level 16. HP: 101/101 MP: 26/26
 31212 | Shoals:1 | XOM: divination: detect items
 31229 | Shoals:1 | XOM: polymorph merfolk -> dream sheep
 31236 | Shoals:1 | XOM: enchant monster (good)
 31294 | Shoals:1 | XOM: cloud trail
 31416 | Shoals:1 | XOM: fog
 31458 | Shoals:1 | XOM: enchant monster (good)
 31506 | Shoals:1 | XOM: confuse monster(s)
 31523 | Shoals:1 | XOM: enchant monster (good)
 31539 | Shoals:1 | XOM: god gift: spear {god gift}
 31698 | Shoals:1 | Learned a level 1 spell: Confusing Touch
 31706 | Shoals:1 | XOM: summons 3 friendly demons
 31726 | Shoals:1 | XOM: summons 6 friendly demons
 31891 | Shoals:1 | XOM: cloud trail
 32056 | Shoals:1 | Reached skill level 1 in Spellcasting
 32456 | Shoals:1 | XOM: polymorph harpy -> rime drake
 32644 | Shoals:1 | XOM: scenery: create altars
 32817 | Shoals:1 | Gained mutation: You tend to lose your temper in combat.
                  | [mutagenic glow]
 33107 | Shoals:1 | XOM: scenery: create altars
 33222 | Shoals:2 | XOM: divination: detect items
 33252 | Shoals:2 | XOM: 3-stop teleportation journey
 33529 | Shoals:2 | XOM: scenery: create altars
 33542 | Shoals:2 | XOM: confuse monster(s)
 33839 | Shoals:3 | XOM: stealth player
 33881 | Shoals:3 | XOM: confuse monster(s)
 33884 | Shoals:3 | XOM: fog
 33898 | Shoals:3 | HP: 5/103 [merfolk aquamancer/ball of steam (19)]
 33901 | Shoals:3 | XOM: cleaving
 33904 | Shoals:3 | XOM: polymorph faun -> swamp dragon
 33907 | Shoals:3 | XOM: summons friendly crimson imp
 33917 | Shoals:3 | XOM: fog
 33962 | Shoals:3 | XOM: summons 2 friendly demons
 34005 | Shoals:3 | XOM: god gift: wand of paralysis (5)
 34100 | Shoals:3 | XOM: give mutations
 34100 | Shoals:3 | Gained mutation: You expend magic power (3 MP) to
                  | strengthen your wands. [Xom's grace]
 34100 | Shoals:3 | Gained mutation: Your system is resistant to poisons.
                  | (rPois) [Xom's grace]
 34139 | Shoals:3 | XOM: enchant monster (good)
 34150 | Shoals:3 | XOM: 1-stop teleportation journey
 34351 | Shoals:3 | XOM: summons 4 friendly demons
 34405 | Shoals:3 | XOM: scenery: create altars
 34453 | Shoals:3 | Found a hide-covered altar of Uskayaw.
 34464 | Shoals:3 | XOM: destruction
 34528 | Shoals:3 | XOM: cleaving
 34532 | Shoals:3 | Reached skill level 12 in Stealth
 34532 | Shoals:3 | XOM: summons 12 friendly demons
 34877 | Shoals:3 | XOM is BORED!
 34877 | Shoals:3 | XOM: summons 2 hostile shadow creatures
 34888 | Shoals:4 | Entered Level 4 of the Shoals
 35066 | Shoals:4 | Noticed a frost giant
 35113 | Shoals:4 | Killed a frost giant
 35160 | Shoals:4 | Gained mutation: Your spells are a little easier to cast,
                  | but a little less powerful. [mutagenic glow]
 35177 | Shoals:4 | XOM: give mutation
 35177 | Shoals:4 | Lost mutation: You are very frail. (-20% HP) [Xom's
                  | mischief]
 35192 | Shoals:4 | Reached XP level 17. HP: 36/121 MP: 21/28
 35235 | Shoals:4 | Reached skill level 10 in Dodging
 35292 | Shoals:4 | XOM: confusion
 35373 | Shoals:4 | XOM: harmless Summ miscast
 35607 | Shoals:3 | XOM: enchant monster (bad)
 35680 | Shoals:3 | XOM: enchant monster (bad)
 36328 | Shoals:4 | XOM: 2-stop teleportation journey
 36334 | Shoals:4 | Noticed Polyphemus
 36363 | Shoals:4 | XOM: summons friendly crimson imp
 36394 | Shoals:4 | XOM: mild Chrm miscast
 36439 | Shoals:3 | XOM: give mutations
 36439 | Shoals:3 | Lost mutation: You are very agile. (Dex +4) [Xom's
                  | mischief]
 36439 | Shoals:3 | Lost mutation: You are frail. (-10% HP) [Xom's mischief]
 36439 | Shoals:3 | Lost mutation: Scrolls take you a little longer to read.
                  | [Xom's mischief]
 36590 | Shoals:4 | XOM: 2-stop teleportation journey
 36659 | Shoals:4 | Got a barnacled rune of Zot
 36756 | Shoals:4 | XOM: polymorph merfolk impaler -> queen ant
 36899 | Shoals:4 | XOM: confusion
 37269 | Shoals:4 | Identified the cursed +1 hunting sling of the Inferno
                  | {speed, Int+2}
 37352 | Shoals:4 | XOM: god gift: potion of curing
 37368 | Shoals:4 | XOM: scenery: create altars
 37371 | Shoals:4 | XOM: enchant monster (good)
 37379 | Shoals:4 | Killed Polyphemus
 37448 | Shoals:4 | XOM: summons friendly crimson imp
 37449 | Shoals:4 | XOM: divination: detect items
 37452 | Shoals:4 | XOM: summons friendly iron imp
 37456 | Shoals:4 | XOM: enchant monster (good)
 37630 | Shoals:4 | XOM: cleaving
 37633 | Shoals:4 | XOM: polymorph wind drake -> meliai
 37714 | Shoals:4 | Lost mutation: You tend to lose your temper in combat.
                  | [evolution]
 37764 | Shoals:4 | XOM: god gift: book of Frost
 37878 | Shoals:4 | XOM: give mutations
 37878 | Shoals:4 | Gained mutation: You have a considerably increased
                  | reservoir of magic. (+20% MP) [Xom's grace]
 37878 | Shoals:4 | Gained mutation: You have large cloven feet. [Xom's grace]
 38133 | Snake:1  | Entered Level 1 of the Snake Pit
 38169 | Snake:1  | Reached skill level 5 in Spellcasting
 38403 | Snake:1  | XOM: blink monster(s)
 38462 | Snake:1  | Noticed Frances
 38482 | Snake:1  | XOM: summons friendly shadow imp
 38486 | Snake:1  | XOM: swap monsters
 38488 | Snake:1  | XOM: cast spell 'Dispersal'
 38498 | Snake:1  | XOM: summons friendly ufetubus
 38501 | Snake:1  | XOM: swap monsters
 38514 | Snake:1  | Killed Frances
 38584 | Snake:1  | XOM: chaos upgrade
 38805 | Snake:1  | XOM: confuse monster(s)
 38817 | Snake:1  | XOM: summons 7 friendly demons
 38921 | Snake:1  | XOM: god gift: 8 arrows
 38946 | Snake:1  | Noticed Aizul
 38957 | Snake:1  | XOM: cast spell 'Death Channel'
 38971 | Snake:1  | Killed Aizul
 38973 | Snake:1  | Reached skill level 13 in Stealth
 39012 | Snake:1  | XOM: harmless Erth miscast
 39213 | Snake:2  | XOM: enchant monster (bad)
 39279 | Snake:2  | Noticed Vashnia
 39290 | Snake:2  | XOM: confusion
 39345 | Snake:2  | XOM: confusion (+ monsters)
 39502 | Snake:1  | XOM: summons 2 hostile demons
 39881 | Vaults:1 | Entered Level 1 of the Vaults
 39914 | Vaults:1 | XOM: medium Hex miscast
 39919 | Vaults:1 | XOM: severe Tloc miscast
 39921 | Vaults:1 | XOM: summons friendly quasit
 39989 | Vaults:1 | Gained mutation: You tend to lose your temper in combat.
                  | [mutagenic glow]
 40161 | Vaults:1 | XOM: summons friendly crimson imp
 40163 | Vaults:1 | XOM: divination: magic mapping
 40203 | Vaults:1 | XOM: harmless Pois miscast
 40377 | Vaults:1 | XOM: god gift: 28 gold pieces
 40570 | Vaults:1 | Found Otzobubi's Armour Emporium.
 40679 | Vaults:1 | Found Deesm's General Store.
 40687 | Vaults:1 | Bought a scroll of vulnerability for 157 gold pieces
 40887 | Vaults:1 | Bought a fan of gales for 840 gold pieces
 40902 | Vaults:1 | Found Tarch's Antique Weapon Boutique.
 40902 | Vaults:1 | XOM: 5-stop teleportation journey
 40923 | Vaults:1 | XOM: mild Summ miscast
 41095 | Vaults:1 | Found Cojiqer's Weapon Emporium.
 41096 | Vaults:1 | Noticed a sphinx
 41125 | Vaults:1 | Killed a sphinx
 41125 | Vaults:1 | Reached XP level 18. HP: 137/144 MP: 32/32
 41236 | Vaults:1 | XOM: confusion (+ monsters)
 41268 | Vaults:1 | XOM: enchant monster (good)
 41276 | Vaults:1 | XOM: divination: magic mapping
 41279 | Vaults:1 | XOM: polymorph two-headed ogre -> sea snake
 41349 | Vaults:1 | XOM: give mutations
 41349 | Vaults:1 | Lost mutation: You tend to lose your temper in combat.
                  | [Xom's grace]
 41349 | Vaults:1 | Gained mutation: Your muscles are strong. (Str +2) [Xom's
                  | grace]
 41455 | Vaults:1 | Gained mutation: You have hoof-like feet. [evolution]
 41698 | Vaults:1 | XOM: fog
 41708 | Vaults:1 | XOM: divination: magic mapping
 41719 | Vaults:1 | XOM: divine lightning
 41729 | Vaults:1 | XOM: scenery: 2 doors close
 41733 | Vaults:1 | XOM: divine lightning
 41815 | Vaults:1 | XOM: give mutations
 41815 | Vaults:1 | Gained mutation: You rapidly evolve. [Xom's grace]
 41815 | Vaults:1 | Gained mutation: You are very agile. (Dex +4) [Xom's grace]
 41838 | Vaults:1 | XOM: enchant monster (good)
 41839 | Vaults:1 | XOM: destruction
 41857 | Vaults:1 | XOM: potion effect (haste)
 41866 | Vaults:1 | XOM: confuse monster(s)
 42248 | Vaults:2 | XOM: noise
 42267 | Vaults:2 | XOM: cast spell 'Call Canine Familiar'
 42511 | Vaults:1 | XOM: give mutations
 42511 | Vaults:1 | Lost mutation: Your spells are a little easier to cast, but
                  | a little less powerful. [Xom's mischief]
 42511 | Vaults:1 | Lost mutation: You rapidly evolve. [Xom's mischief]
 42511 | Vaults:1 | Lost mutation: You passively map a small area around you.
                  | [Xom's mischief]
 42511 | Vaults:1 | Lost mutation: You expend magic power (3 MP) to strengthen
                  | your wands. [Xom's mischief]
 42575 | Vaults:2 | XOM: mild Necr miscast
 42661 | Vaults:2 | XOM: confuse monster(s)
 42758 | Vaults:2 | XOM: potion effect (brilliance)
 42773 | Vaults:2 | XOM: cast spell 'Summon Butterflies'
 42779 | Vaults:2 | Reached skill level 1 in Hexes
 42779 | Vaults:2 | Reached skill level 1 in Translocations
 42779 | Vaults:2 | XOM: harmless Conj miscast
 42856 | Vaults:1 | XOM: harmless Summ miscast
 43041 | Vaults:2 | XOM: divination: magic mapping
 43043 | Vaults:2 | XOM: confuse monster(s)
 43053 | Vaults:2 | XOM: noise
 43291 | Elf:1    | Entered Level 1 of the Elven Halls
 43373 | Elf:1    | XOM: potion effect (brilliance)
 43399 | Elf:1    | Found a ruined gateway.
 43414 | Desolati | Entered the Desolation of Salt
 43514 | Desolati | XOM: mild Hex miscast
 43678 | Desolati | XOM: harmless Erth miscast
 43743 | Desolati | XOM: harmless Erth miscast
 44161 | Desolati | Found the +10 dark maul {crush}
 44191 | Desolati | XOM: noise
 44195 | Desolati | XOM: divination: detect items
 44199 | Desolati | HP: 6/217 [crystal guardian/crystal bolt (40)]
 44207 | Desolati | HP: 5/146 [saltling (8)]
 44211 | Desolati | Reached skill level 14 in Stealth
 44273 | Desolati | XOM: divination: magic mapping
 44373 | Desolati | XOM: mild Ice miscast
 44603 | Desolati | Got a shimmering pewter ring
 44604 | Desolati | Identified the ring "Voonud" {Int+7 SInv} (You found it in
                  | the Desolation of Salt)
 44609 | Desolati | Identified the Papyrus of Boosting Changing
 44613 | Desolati | XOM: god gift: club {god gift}
 44619 | Desolati | Learned a level 2 spell: Passwall
 44622 | Desolati | Identified Fuvot's Papyrus of Aerial Good Luck
 44676 | Desolati | Got a pair of heavily runed gloves
 44704 | Desolati | Identified the +0 pair of gloves of the Albatross {rN++
                  | Regen+ Int+5} (You found it in the Desolation of Salt)
 44725 | Desolati | Learned a level 2 spell: Swiftness
 44728 | Desolati | Learned a level 2 spell: Song of Slaying
 44733 | Desolati | Learned a level 4 spell: Passage of Golubria
 44739 | Desolati | Learned a level 5 spell: Yara's Violent Unravelling
 44816 | Desolati | Lost mutation: You have hoof-like feet. [evolution]
 44863 | Desolati | XOM: harmless Conj miscast
 44880 | Desolati | Reached skill level 1 in Charms
 44880 | Desolati | Reached XP level 19. HP: 135/152 MP: 34/34
 44882 | Desolati | Reached skill level 1 in Transmutations
 44882 | Desolati | Reached skill level 1 in Earth Magic
 45002 | Desolati | XOM: god gift: lamp of fire
 45015 | Desolati | XOM: god gift: 42 gold pieces
 45100 | Desolati | XOM: 3-stop teleportation journey
 45101 | Desolati | XOM: divination: magic mapping
 45169 | Desolati | XOM: 1-stop teleportation journey
 45193 | Desolati | XOM: medium Hex miscast
 45225 | Desolati | XOM: chaos upgrade
 45261 | Desolati | XOM: harmless Erth miscast
 45264 | Desolati | Identified the ring "Oggidy" {+Blink rPois rF+ Int+2}
 45317 | Desolati | XOM: summons 9 hostile demons
 45464 | Desolati | XOM: summons 5 hostile demons
 45487 | Desolati | XOM: noise
 45761 | Desolati | XOM: noise
 45929 | Desolati | XOM: confusion
 45937 | Desolati | XOM: give mutation
 45937 | Desolati | Lost mutation: You have large cloven feet. [Xom's mischief]
 46074 | Desolati | XOM: swap monsters
 46106 | Desolati | XOM: cast spell 'Alistair's Intoxication'
 46242 | Desolati | Found the +0 mask of the Dragon {MR+ Slay+3 SInv}
 46324 | Desolati | Identified a ring of Divine Intervention {*Tele Str+2} (You
                  | found it in the Desolation of Salt)
 46691 | Desolati | XOM: mild Fire miscast
 46829 | Desolati | XOM: harmless Erth miscast
 46887 | Desolati | XOM: harmless Hex miscast
 46906 | Desolati | XOM: potion effect (berserk rage)
 47381 | Elf:1    | XOM: harmless Summ miscast
 47575 | Elf:1    | Found Jyoqijuw's Book Boutique.
 47585 | Elf:1    | XOM: 3-stop teleportation journey
 47914 | Elf:2    | XOM: mild Tloc miscast
 47984 | Elf:2    | XOM: 1-stop teleportation journey
 48040 | Elf:2    | XOM: 1-stop teleportation journey
 48061 | Elf:2    | Reached skill level 5 in Translocations
 48380 | Elf:2    | XOM: mild Hex miscast
 48381 | Elf:2    | XOM: enchant monster (good)
 48414 | Elf:2    | XOM: divination: magic mapping
 48571 | Elf:2    | XOM: confuse monster(s)
 48587 | Elf:2    | XOM: god gift: 23 stones
 48645 | Elf:2    | Found a runed translucent gate.
 48645 | Elf:2    | Found a runed translucent gate.
 48646 | Elf:2    | Found a runed translucent gate.
 48710 | Elf:2    | XOM: harmless Ice miscast
 48729 | Elf:2    | XOM: cast spell 'Leda's Liquefaction'
 48732 | Elf:2    | XOM: divination: detect items
 49247 | Elf:3    | Entered Level 3 of the Elven Halls
 49265 | Elf:3    | XOM: summons friendly ufetubus
 49272 | Elf:2    | XOM: cleaving
 49369 | Elf:3    | XOM: summons 4 friendly demons
 49396 | Elf:3    | Learned a level 5 spell: Silence
 49403 | Elf:3    | Learned a level 6 spell: Darkness
 49410 | Elf:3    | Reached XP level 20. HP: 160/160 MP: 30/36
 49426 | Elf:3    | Noticed an Ice Fiend
 49428 | Elf:3    | Noticed a Hell Sentinel
 49440 | Elf:3    | Reached skill level 1 in Air Magic
 49555 | Elf:3    | XOM: 4-stop teleportation journey
 49858 | Elf:3    | Found Xalabats's Food Emporium.
 49864 | Elf:3    | Found Ibopt's Gadget Shoppe.
 49875 | Elf:3    | Bought a wand of digging (4) for 256 gold pieces
 49875 | Elf:3    | Bought a wand of enslavement (6) for 128 gold pieces
 49875 | Elf:3    | Bought a wand of iceblast (9) for 208 gold pieces
 49875 | Elf:3    | Bought a wand of clouds (3) for 336 gold pieces
 49875 | Elf:3    | Bought a phial of floods for 640 gold pieces
 50018 | Elf:3    | XOM: summons 3 friendly demons
 50019 | Elf:3    | XOM: potion effect (might)
 50161 | Elf:3    | Identified the +5 mace "Ogreslayer" {crush, Int+4}
 50209 | Elf:3    | XOM: divination: detect creatures
 50337 | Elf:3    | XOM: harmless Air miscast
 50357 | Elf:3    | Identified the +6 broad axe "Hiuzix" {chaos, rF++ rN+}
 50359 | Elf:3    | XOM: potion effect (brilliance)
 50729 | Elf:3    | XOM: harmless Summ miscast
 50802 | Elf:3    | Identified the +0 leather armour of Atiaraun {Dex+3 Stlth+}
 50859 | Elf:3    | XOM: mild Chrm miscast
 50884 | Elf:3    | XOM is BORED!
 50884 | Elf:3    | XOM: noise
 50916 | Elf:3    | XOM: silly message
 50918 | Elf:3    | XOM: divination: detect creatures
 51070 | Elf:3    | XOM: potion effect (haste)
 51087 | Elf:3    | XOM: cast spell 'Cause Fear'
 51087 | Elf:3    | Lost mutation: Your mind is acute. (Int +2) [evolution]
 51094 | Elf:3    | Reached skill level 15 in Fighting
 51094 | Elf:3    | Reached skill level 15 in Stealth
 51167 | Elf:3    | XOM: potion effect (invisibility)
 51213 | Elf:3    | XOM: potion effect (curing)
 51481 | Elf:3    | XOM: potion effect (brilliance)
 51523 | Elf:3    | XOM: cast spell 'Metabolic Englaciation'
 51549 | Elf:3    | XOM: cast spell 'Dispersal'
 51613 | Elf:3    | XOM: harmless Air miscast
 51652 | Elf:3    | XOM: divination: detect items
 51693 | Elf:3    | XOM: mild Air miscast
 51719 | Elf:3    | XOM: enchant monster (good)
 51728 | Elf:3    | XOM: noise
 51761 | Elf:3    | XOM: divination: detect items
 51823 | Elf:3    | Reached skill level 5 in Hexes
 51836 | Elf:3    | XOM: enchant monster (good)
 51848 | Elf:3    | XOM: harmless Erth miscast
 51852 | Elf:3    | XOM: potion effect (haste)
 51943 | Elf:3    | XOM: potion effect (agility)
 51958 | Elf:3    | XOM: potion effect (invisibility)
 51967 | Elf:3    | XOM: divine lightning
 52101 | Elf:3    | XOM: divination: detect creatures
 52116 | Elf:3    | XOM: confuse monster(s)
 52132 | Elf:3    | XOM: summons 2 friendly demons
 52418 | Elf:2    | XOM: give mutations
 52418 | Elf:2    | Lost mutation: You evolve. [Xom's grace]
 52418 | Elf:2    | Gained mutation: You are somewhat resistant to further
                  | mutation. [Xom's grace]
 52418 | Elf:2    | Gained mutation: You have sharp toenails. [Xom's grace]
 52418 | Elf:2    | Gained mutation: You are covered in fur. (AC +1) [Xom's
                  | grace]
 52702 | Elf:3    | Identified the Almanac of Ignition and Attacks
 52839 | Elf:3    | XOM: summons friendly crimson imp
 53213 | Vaults:2 | XOM: divination: detect items
 53326 | Vaults:2 | Reached XP level 21. HP: 169/169 MP: 37/37
 53334 | Vaults:2 | Reached skill level 5 in Air Magic
 53388 | Vaults:2 | XOM: divination: magic mapping
 53724 | Vaults:2 | XOM: enchant monster (bad)
 53737 | Vaults:2 | XOM: harmless Chrm miscast
 53913 | D:14     | XOM: mild Chrm miscast
 54207 | Elf:1    | XOM: harmless Pois miscast
 54345 | D:14     | XOM: mild Ice miscast
 54414 | Vaults:2 | XOM: cleaving
 54443 | Vaults:2 | XOM: fake destruction
 54522 | Vaults:2 | XOM: give mutation
 54522 | Vaults:2 | Gained mutation: You possess an exceptional clarity of
                  | mind. [Xom's grace]
 54599 | Vaults:2 | Found Myrygout's Gadget Shop.
 54607 | Vaults:2 | Bought a wand of acid (7) for 330 gold pieces
 54969 | Vaults:2 | XOM: give mutations
 54969 | Vaults:2 | Gained mutation: You are covered in thick fur. (AC +2)
                  | [Xom's grace]
 54969 | Vaults:2 | Gained mutation: You are highly resistant to hostile
                  | enchantments. (MR++) [Xom's grace]
 54969 | Vaults:2 | Gained mutation: You expend magic power (3 MP) to
                  | strengthen your wands. [Xom's grace]
 54969 | Vaults:2 | Gained mutation: You are resistant to electric shocks.
                  | (rElec) [Xom's grace]
 55052 | Vaults:2 | XOM: mild Air miscast
 55119 | Vaults:2 | Found a runed translucent door.
 55282 | Vaults:2 | Noticed royokou's ghost (veteran MiFi)
 55308 | Vaults:2 | Killed royokou's ghost
 55310 | Vaults:2 | Identified the ring "Gaxemp" {rPois rC+ Int+6 Dex+4} (You
                  | found it on level 2 of the Vaults)
 55317 | Vaults:2 | Identified the +6 hand crossbow "Jellybane" {flame, rElec
                  | Str+3} (You found it on level 2 of the Vaults)
 55365 | Vaults:3 | XOM: chaos cloud
 55367 | Vaults:3 | XOM: mild Erth miscast
 55602 | Vaults:3 | Reached skill level 16 in Stealth
 55714 | Vaults:3 | XOM: polymorph harpy -> shapeshifter
 55827 | Vaults:3 | XOM: harmless Hex miscast
 55831 | Vaults:3 | XOM: chaos cloud
 55836 | Vaults:3 | XOM: polymorph shadow demon -> blizzard demon
 55920 | Vaults:3 | XOM: harmless Tmut miscast
 55957 | Vaults:3 | XOM: 1-stop teleportation journey
 56012 | Vaults:3 | XOM: harmless Necr miscast
 56024 | Vaults:3 | XOM: harmless Air miscast
 56094 | Vaults:3 | XOM: summons 9 friendly demons
 56181 | Vaults:3 | Reached XP level 22. HP: 178/178 MP: 38/38
 56204 | Vaults:3 | XOM: enchant monster (good)
 56317 | Vaults:3 | XOM: summons friendly iron imp
 56352 | Vaults:3 | XOM: scenery: 2 doors close
 56403 | Vaults:3 | Found a staircase to the Crypt.
 56403 | Vaults:3 | Found an ancient bone altar of Kikubaaqudgha.
 56404 | Vaults:3 | Found a basalt altar of Yredelemnul.
 56476 | Vaults:3 | XOM: harmless Air miscast
 56496 | Vaults:3 | XOM: enchant monster (bad)
 56508 | Vaults:3 | XOM: summons 5 friendly demons
 56565 | Vaults:3 | XOM: potion effect (brilliance)
 57229 | Vaults:4 | XOM: silly message
 57252 | Vaults:4 | XOM: summons friendly white imp
 57264 | Vaults:4 | XOM: confuse monster(s)
 57369 | Vaults:4 | XOM: silly message
 57440 | Vaults:4 | XOM: fake destruction
 57445 | Vaults:4 | XOM: confuse monster(s)
 57455 | Vaults:4 | Found Qec Qem's Book Shoppe.
 57458 | Vaults:4 | XOM: polymorph vault sentinel -> shapeshifter
 57654 | Vaults:4 | XOM: divine lightning
 57667 | Vaults:4 | XOM: divine lightning
 57671 | Vaults:4 | XOM: cast spell 'Cause Fear'
 57727 | Vaults:4 | XOM: cleaving
 57980 | Vaults:4 | XOM: summons friendly crimson imp
 57981 | Vaults:4 | XOM: god gift: shortbow {god gift}
 58031 | Vaults:4 | XOM: polymorph yaktaur captain -> minotaur
 58167 | Vaults:4 | XOM: fake destruction
 58377 | Vaults:4 | XOM: give mutations
 58377 | Vaults:4 | Gained mutation: Your spells are a little harder to cast,
                  | but a little more powerful. [Xom's grace]
 58377 | Vaults:4 | Gained mutation: You have a pair of small antennae on your
                  | head. [Xom's grace]
 58454 | Vaults:5 | Entered Level 5 of the Vaults
 58462 | Vaults:4 | XOM: scenery: 3 doors close
 58490 | Vaults:4 | XOM: destruction
 58499 | Vaults:4 | Reached skill level 17 in Stealth
 58503 | Vaults:4 | XOM: fog
 58575 | Vaults:5 | XOM: potion effect (haste)
 58588 | Vaults:4 | XOM: enchant monster (good)
 58598 | Vaults:4 | XOM: scenery: create altars
 58612 | Vaults:4 | XOM: polymorph vault guard -> tyrant leech
 58617 | Vaults:4 | Reached XP level 23. HP: 149/186 MP: 39/39
 58735 | Vaults:4 | Reached skill level 10 in Hexes
 58755 | Vaults:4 | XOM: give mutations
 58755 | Vaults:4 | Gained mutation: You are robust. (+10% HP) [Xom's grace]
 58755 | Vaults:4 | Gained mutation: You can translocate small distances at
                  | will. [Xom's grace]
 58755 | Vaults:4 | Lost mutation: You are somewhat resistant to further
                  | mutation. [Xom's grace]
 58755 | Vaults:4 | Gained mutation: You evolve. [Xom's grace]
 58850 | Vaults:4 | XOM: god gift: weird jewelled staff {god gift}
 59030 | Vaults:1 | XOM: harmless Chrm miscast
 59367 | Elf:2    | XOM: scenery: 2 doors close
 59443 | Elf:2    | XOM: confuse monster(s)
 59445 | Elf:2    | XOM: 8-stop teleportation journey
 59701 | Elf:2    | XOM: god gift: 5 rations
 59874 | Elf:3    | Lost mutation: You expend magic power (3 MP) to strengthen
                  | your wands. [mutagenic glow]
 59949 | Elf:3    | XOM: give mutations
 59949 | Elf:3    | Gained mutation: You have a greatly increased reservoir of
                  | magic. (+30% MP) [Xom's grace]
 59949 | Elf:3    | Gained mutation: Your natural rate of healing is unusually
                  | fast. [Xom's grace]
 60053 | Elf:3    | XOM: give mutations
 60053 | Elf:3    | Gained mutation: Your mind is acute. (Int +2) [Xom's grace]
 60053 | Elf:3    | Gained mutation: You have razor-sharp toenails. [Xom's
                  | grace]
 60053 | Elf:3    | Gained mutation: Your flesh is almost immune to the effects
                  | of cold. (rC+++) [Xom's grace]
 60200 | Elf:3    | XOM: god gift: 7 rations
 60265 | Elf:3    | XOM: divination: magic mapping
 60382 | Elf:3    | Found Ibopt's Gadget Shoppe.
 60382 | Elf:3    | Found Xalabats's Food Emporium.
 60398 | Elf:3    | XOM: god gift: 20 gold pieces
 60659 | Elf:3    | XOM: divination: detect creatures
 60677 | Elf:3    | Cast into level 3 of the Abyss (deep elf sorcerer)
 60755 | Abyss:3  | XOM: potion effect (brilliance)
 60845 | Abyss:3  | XOM: potion effect (haste)
 60855 | Abyss:3  | XOM: cast spell 'Summon Ice Beast'
 60917 | Abyss:3  | XOM: summons friendly iron imp
 61017 | Abyss:3  | XOM: summons friendly iron imp
 61020 | Abyss:3  | XOM: fog
 61023 | Abyss:3  | XOM: give mutations
 61023 | Abyss:3  | Lost mutation: Your spells are a little harder to cast, but
                  | a little more powerful. [Xom's mischief]
 61023 | Abyss:3  | Lost mutation: You are highly resistant to hostile
                  | enchantments. (MR++) [Xom's mischief]
 61023 | Abyss:3  | Lost mutation: Your mind is acute. (Int +2) [Xom's
                  | mischief]
 61023 | Abyss:3  | Lost mutation: You are very agile. (Dex +4) [Xom's
                  | mischief]
 61059 | Abyss:3  | XOM: polymorph large abomination -> large abomination
 61073 | Abyss:3  | XOM: blink monster(s)
 61097 | Abyss:3  | XOM: chaos cloud
 61110 | Abyss:3  | XOM: enchant monster (good)
 61112 | Abyss:3  | XOM: swap monsters
 61153 | Abyss:3  | XOM: enchant monster (bad)
 61250 | Abyss:3  | XOM: divination: detect creatures
 61251 | Abyss:3  | Reached skill level 10 in Shields
 61311 | Abyss:3  | XOM: noise
 61323 | Abyss:3  | XOM: summons 15 friendly demons
 61453 | Abyss:3  | Found a corrupted altar of Lugonu.
 61472 | Abyss:3  | XOM: noise
 61485 | Abyss:3  | XOM: noise
 61487 | Abyss:3  | XOM: fog
 61500 | Abyss:3  | XOM: enchant monster (bad)
 61526 | Abyss:3  | XOM: harmless Pois miscast
 61673 | Abyss:3  | XOM: god gift: book of the Tempests
 61974 | Abyss:3  | XOM: cleaving
 61978 | Abyss:3  | XOM: enchant monster (bad)
 62025 | Abyss:3  | XOM: cast spell 'Olgreb's Toxic Radiance'
 62093 | Abyss:3  | Reached skill level 18 in Stealth
 62172 | Abyss:3  | Reached XP level 24. HP: 154/173 MP: 33/36
 62190 | Abyss:3  | XOM: cleaving
 62203 | Abyss:3  | XOM: cast spell 'Statue Form'
 62205 | Abyss:3  | Paralysed by accursed screaming for 2 turns
 62210 | Abyss:3  | Got an abyssal rune of Zot
 62325 | Abyss:3  | XOM: mild Air miscast
 62391 | Abyss:3  | XOM: summons friendly shadow imp
 62765 | Abyss:3  | XOM: confuse monster(s)
 62801 | Elf:3    | Escaped the Abyss
 62941 | Elf:3    | Lost mutation: Your natural rate of healing is unusually
                  | fast. [evolution]
 63375 | Vaults:1 | XOM: scenery: 2 doors close
 63443 | Vaults:3 | XOM: noise
 63453 | Crypt:1  | Entered Level 1 of the Crypt
 63489 | Crypt:1  | XOM: noise
 63578 | Crypt:1  | XOM: noise
 63601 | Crypt:1  | XOM: swap monsters
 63620 | Crypt:1  | Learned a level 5 spell: Summon Mana Viper
 63659 | Crypt:1  | XOM: blink monster(s)
 63672 | Crypt:1  | XOM: summons friendly shadow imp
 63673 | Crypt:1  | XOM: summons 2 friendly demons
 63698 | Crypt:1  | XOM: harmless Tloc miscast
 63700 | Crypt:1  | XOM: enchant monster (good)
 63844 | Crypt:1  | XOM: summons friendly quasit
 64250 | Crypt:1  | XOM: severe Tloc miscast
 64250 | Crypt:1  | Cast into level 4 of the Abyss (the severe capriciousness
                  | of Xom)
 64250 | Abyss:4  | XOM: noise
 64427 | Abyss:4  | Noticed an ancient lich
 64434 | Abyss:4  | XOM: potion effect (agility)
 64472 | Abyss:4  | XOM: destruction
 64512 | Abyss:4  | XOM: divine lightning
 64518 | Abyss:4  | XOM: cleaving
 64557 | Abyss:4  | XOM: give mutations
 64557 | Abyss:4  | Lost mutation: You evolve. [Xom's grace]
 64557 | Abyss:4  | Gained mutation: You are somewhat resistant to further
                  | mutation. [Xom's grace]
 64557 | Abyss:4  | Gained mutation: Your spells are a little harder to cast,
                  | but a little more powerful. [Xom's grace]
 64557 | Abyss:4  | Gained mutation: You have supernaturally acute eyesight.
                  | (SInv) [Xom's grace]
 64590 | Abyss:4  | XOM: summons 9 friendly demons
 64752 | Abyss:4  | XOM: god gift: staff of wizardry {god gift}
 64822 | Crypt:1  | Escaped the Abyss
 64825 | Crypt:1  | XOM: god gift: 25 gold pieces
 64945 | Crypt:1  | XOM: noise
 65073 | Crypt:1  | XOM: chaos upgrade
 65176 | Crypt:2  | XOM: confuse monster(s)
 65547 | Crypt:2  | XOM: mild Tloc miscast
 65634 | Crypt:3  | Entered Level 3 of the Crypt
 65678 | Crypt:3  | XOM: cast spell 'Alistair's Intoxication'
 65967 | Crypt:3  | XOM: harmless Erth miscast
 65994 | Crypt:3  | XOM: noise
 66074 | Crypt:3  | Noticed a greater mummy
 66075 | Crypt:3  | XOM: 3-stop teleportation journey
 66160 | Crypt:3  | XOM: scenery: create altars
 66188 | Crypt:3  | Reached XP level 25. HP: 146/217 MP: 46/46
 66203 | Crypt:3  | XOM: god gift: 5 rations
 66204 | Crypt:3  | XOM: fake destruction
 66285 | Crypt:3  | Reached skill level 19 in Stealth
 66331 | Crypt:3  | XOM: harmless Necr miscast
 66407 | Crypt:3  | XOM: summons friendly ufetubus
 66430 | Crypt:3  | XOM: give mutations
 66430 | Crypt:3  | Lost mutation: You are partially covered in iridescent
                  | scales. (AC +2) [Xom's mischief]
 66430 | Crypt:3  | Lost mutation: Your system is resistant to poisons. (rPois)
                  | [Xom's mischief]
 66430 | Crypt:3  | Lost mutation: You are agile. (Dex +2) [Xom's mischief]
 66430 | Crypt:3  | Lost mutation: Your muscles are strong. (Str +2) [Xom's
                  | mischief]
 66469 | Crypt:3  | Found a staircase to the Tomb.
 66628 | Crypt:3  | XOM: mild Summ miscast
 66650 | Crypt:3  | Identified the ring of Mytul {+Fly rF- MR+ Int+8}
 66667 | Crypt:3  | XOM: enchant monster (good)
 66722 | Crypt:3  | XOM: swap monsters
 66733 | Crypt:3  | Killed a greater mummy
 66998 | Crypt:3  | XOM: blink monster(s)
 67028 | Crypt:3  | XOM: blink monster(s)
 67034 | Crypt:3  | XOM: blink monster(s)
 67200 | Crypt:3  | XOM: noise
 67376 | Crypt:3  | XOM: severe Air miscast
 67626 | Crypt:3  | XOM: give mutations
 67626 | Crypt:3  | Lost mutation: You have a greatly increased reservoir of
                  | magic. (+30% MP) [Xom's mischief]
 67626 | Crypt:3  | Lost mutation: Your spells are a little harder to cast, but
                  | a little more powerful. [Xom's mischief]
 67626 | Crypt:3  | Lost mutation: Your flesh is almost immune to the effects
                  | of cold. (rC+++) [Xom's mischief]
 67720 | Crypt:3  | Identified Paaruv's Catalogue of Black Rites
 67725 | Crypt:3  | Identified the amulet "Ginogh" {Gourm Dex+2} (You found it
                  | on level 3 of the Crypt)
 68036 | Vaults:5 | XOM: divine lightning
 68052 | Vaults:5 | XOM: fog
 68059 | Vaults:5 | XOM: divination: magic mapping
 68209 | Vaults:5 | Noticed an ancient lich
 68214 | Vaults:4 | XOM: potion effect (berserk rage)
 68221 | Vaults:4 | XOM: god gift: 19 gold pieces
 68287 | Vaults:4 | XOM: scenery: 2 doors close
 68496 | Vaults:5 | XOM: enchant monster (good)
 68515 | Vaults:5 | XOM: confuse monster(s)
 68537 | Vaults:5 | XOM: fog
 68719 | Vaults:5 | XOM: fog
 68820 | Vaults:5 | Identified the +3 leather armour of Protective Custody
                  | {rC++}
 68826 | Vaults:5 | XOM: fake destruction
 68830 | Vaults:5 | XOM: enchant monster (bad)
 68875 | Vaults:5 | XOM: summons friendly ufetubus
 68876 | Vaults:5 | XOM: enchant monster (good)
 68882 | Vaults:5 | XOM: blink monster(s)
 68897 | Vaults:5 | XOM: cast spell 'Alistair's Intoxication'
 68908 | Vaults:5 | XOM: harmless Conj miscast
 68944 | Vaults:5 | Reached skill level 1 in Summonings
 69013 | Vaults:5 | Reached skill level 10 in Spellcasting
 69144 | Vaults:5 | XOM: 8-stop teleportation journey
 69192 | Vaults:5 | XOM: summons 16 friendly demons
 69199 | Vaults:5 | Killed an ancient lich
 69237 | Vaults:5 | Reached XP level 26. HP: 182/219 MP: 37/44
 69373 | Vaults:5 | XOM: potion effect (berserk rage)
 69492 | Vaults:5 | XOM: divine lightning
 69507 | Vaults:5 | XOM: cast spell 'Disjunction'
 69558 | Vaults:5 | XOM: fog
 69647 | Vaults:5 | Got a silver rune of Zot
 69856 | Vaults:5 | XOM: enchant monster (good)
 69901 | Vaults:5 | XOM: give mutation
 69901 | Vaults:5 | Gained mutation: Your system is resistant to poisons.
                  | (rPois) [Xom's grace]
 69909 | Vaults:5 | XOM: divination: detect items
 69980 | Vaults:5 | XOM: medium Fire miscast
 70054 | Vaults:5 | XOM: fake destruction
 70065 | Vaults:5 | XOM: enchant monster (good)
 70165 | Vaults:5 | Identified the +6 great mace of Brawling {crush, Str+3}
 70171 | Vaults:5 | XOM: summons 3 friendly demons
 70175 | Vaults:5 | XOM: potion effect (invisibility)
 70196 | Vaults:5 | XOM: potion effect (curing)
 70206 | Vaults:5 | XOM: cleaving
 70212 | Vaults:5 | XOM: summons 4 friendly demons
 70223 | Vaults:5 | XOM: mild Tloc miscast
 70286 | Vaults:5 | XOM: harmless Conj miscast
 70515 | Vaults:5 | XOM: swap monsters
 70774 | Vaults:2 | Identified the +6 scale mail "Sujoiw" {+Blink MR+ Str+6
                  | Int-2 Dex-4} (You found it on level 2 of the Vaults)
 70788 | Vaults:2 | XOM: god gift: 13 stones
 71133 | Lair:5   | Killed Kirke
 71200 | Lair:5   | XOM: swap monsters
 71715 | Lair:5   | XOM: give mutations
 71715 | Lair:5   | Lost mutation: You have razor-sharp toenails. [Xom's
                  | mischief]
 71715 | Lair:5   | Lost mutation: You are resistant to hostile enchantments.
                  | (MR+) [Xom's mischief]
 71715 | Lair:5   | Lost mutation: Your system is resistant to poisons. (rPois)
                  | [Xom's mischief]
 71715 | Lair:5   | Lost mutation: You have a pair of small antennae on your
                  | head. [Xom's mischief]
 71787 | Lair:5   | XOM: stat loss: -1 Dex (15/16)
 71921 | Lair:6   | Entered Level 6 of the Lair of Beasts
 72312 | Lair:6   | XOM: polymorph blink frog -> shapeshifter
 72492 | Lair:6   | Found a runed translucent gate.
 72492 | Lair:6   | Found a runed translucent gate.
 72492 | Lair:6   | Found a runed translucent gate.
 72492 | Lair:6   | Noticed xeno23's ghost (journeyman OpAE)
 72698 | Lair:6   | Found a staircase to the Slime Pits.
 72723 | Slime:1  | Entered Level 1 of the Pits of Slime
 72737 | Slime:1  | XOM: repel stairs
 72778 | Slime:1  | Reached skill level 10 in Armour
 72826 | Slime:2  | XOM: enchant monster (bad)
 72845 | Slime:2  | XOM: harmless Conj miscast
 72848 | Slime:2  | XOM: confuse monster(s)
 72856 | Slime:2  | XOM: harmless Summ miscast
 72871 | Slime:2  | XOM: polymorph slime creature -> anaconda
 72889 | Slime:2  | XOM: repel stairs
 72902 | Slime:2  | XOM: fake destruction
 73029 | Slime:3  | XOM: smoke on damage
 73179 | Slime:4  | XOM: repel stairs
 73181 | Slime:4  | XOM: destruction
 73198 | Slime:4  | XOM: silly message
 73225 | Slime:4  | XOM: enchant monster (bad)
 73369 | Slime:4  | XOM: 1-stop teleportation journey
 73447 | Slime:4  | XOM: summons 9 friendly demons
 73450 | Slime:4  | Reached XP level 27. HP: 190/234 MP: 37/45
 73496 | Slime:4  | Reached skill level 15 in Shields
 73793 | Slime:4  | XOM: polymorph large slime creature -> ice dragon
 73806 | Slime:4  | XOM: cast spell 'Statue Form'
 73853 | Slime:4  | Learned a level 8 spell: Controlled Blink
 73981 | Slime:4  | XOM: scenery: create altars
 74093 | Slime:5  | Entered Level 5 of the Pits of Slime
 74124 | Slime:5  | XOM: confuse monster(s)
 74176 | Slime:5  | Found a viscous altar of Jiyva.
 74177 | Slime:5  | Noticed the Royal Jelly
 74197 | Slime:5  | Found the +8 demon blade "Leech" {vamp, rN+ AC-3 EV-3}
 74197 | Slime:5  | Killed the Royal Jelly
 74200 | Slime:5  | XOM: summons friendly shadow imp
 74215 | Slime:5  | XOM: enchant monster (good)
 74246 | Slime:5  | XOM: fog
 74262 | Slime:5  | XOM: stat loss: -1 Int (17/18)
 74322 | Slime:5  | XOM: silly message
 74334 | Slime:5  | XOM: enchant monster (bad)
 74346 | Slime:5  | XOM: polymorph shining eye -> shapeshifter
 74459 | Slime:4  | XOM: harmless Summ miscast
 74536 | Slime:5  | XOM: mild Hex miscast
 74567 | Slime:4  | XOM: repel stairs
 74571 | Slime:4  | XOM: enchant monster (bad)
 74760 | Slime:5  | XOM: mild Pois miscast
 74840 | Slime:5  | XOM: give mutations
 74840 | Slime:5  | Gained mutation: You are surrounded by a mild repulsion
                  | field. (EV +2) [Xom's grace]
 74840 | Slime:5  | Gained mutation: You expend magic power (3 MP) to
                  | strengthen your wands. [Xom's grace]
 74840 | Slime:5  | Gained mutation: You have a pair of small horns on your
                  | head. [Xom's grace]
 74840 | Slime:5  | Gained mutation: Your mind is acute. (Int +2) [Xom's grace]
 74861 | Slime:5  | XOM: enchant monster (bad)
 74865 | Slime:5  | XOM: polymorph blink frog -> shapeshifter
 74896 | Slime:5  | XOM: swap monsters
 75023 | Slime:5  | Got a vibrating lapis lazuli ring
 75024 | Slime:5  | Identified the ring "Muwu" {+Inv rElec MR+ Int+3 Dex-5}
                  | (You found it on level 5 of the Pits of Slime)
 75049 | Slime:5  | Got a slimy rune of Zot
 75052 | Slime:5  | XOM: give mutations
 75052 | Slime:5  | Lost mutation: You have a pair of small horns on your head.
                  | [Xom's mischief]
 75052 | Slime:5  | Lost mutation: You are resistant to electric shocks.
                  | (rElec) [Xom's mischief]
 75238 | Slime:4  | XOM: god gift: runed scarf {god gift}
 75375 | Lair:1   | XOM: summons 13 friendly demons
 75380 | Lair:1   | XOM: polymorph swamp dragon -> shapeshifter
 75383 | Lair:1   | XOM: cast spell 'Ring of Flames'
 75729 | D:14     | Bought a runed scarf for 272 gold pieces
 75750 | D:14     | XOM: divination: detect creatures
 76017 | Snake:2  | XOM: swap monsters
 76055 | Snake:2  | XOM: 3-stop teleportation journey
 76061 | Snake:2  | XOM: mild Conj miscast
 76074 | Snake:2  | XOM: swap monsters
 76081 | Snake:2  | XOM: summons friendly crimson imp
 76099 | Snake:2  | Killed Vashnia
 76455 | Snake:2  | XOM: harmless Tmut miscast
 76996 | Snake:2  | XOM: blink monster(s)
 77064 | Snake:3  | XOM: harmless Summ miscast
 77073 | Snake:3  | XOM: enchant monster (good)
 78074 | Snake:3  | XOM: god gift: 39 gold pieces
 78167 | Snake:4  | Entered Level 4 of the Snake Pit
 78196 | Snake:3  | XOM: harmless Air miscast
 78286 | Snake:4  | XOM: silly message
 78324 | Snake:4  | XOM: confuse monster(s)
 78586 | Snake:4  | XOM: harmless Tmut miscast
 78617 | Snake:4  | XOM: cast spell 'Leda's Liquefaction'
 78627 | Snake:4  | XOM: harmless Ice miscast
 78671 | Snake:4  | Reached skill level 5 in Summonings
 78725 | Snake:4  | XOM: confuse monster(s)
 78795 | Snake:4  | XOM: medium Hex miscast
 78836 | Snake:4  | XOM: fog
 78883 | Snake:4  | XOM: harmless Tloc miscast
 78899 | Snake:4  | XOM: mild Fire miscast
 78961 | Snake:4  | XOM: blink monster(s)
 79031 | Snake:4  | Reached skill level 15 in Hexes
 79250 | Snake:4  | XOM: noise
 79406 | Snake:4  | Got a serpentine rune of Zot
 79412 | Snake:4  | XOM: divination: magic mapping
 79416 | Snake:4  | XOM: potion effect (brilliance)
 79426 | Snake:4  | XOM: potion effect (brilliance)
 79868 | Snake:3  | XOM: harmless Chrm miscast
 80158 | Snake:4  | XOM: harmless Necr miscast
 80189 | Snake:4  | XOM: noise
 80204 | Snake:4  | XOM: swap monsters
 80252 | Snake:4  | XOM: chaos cloud
 80256 | Snake:4  | XOM: noise
 80327 | Snake:4  | XOM: polymorph naga warrior -> slime creature
 80331 | Snake:4  | XOM: 2-stop teleportation journey
 81076 | Slime:1  | XOM: harmless Hex miscast
 81091 | Slime:1  | XOM: 1-stop teleportation journey
 81158 | Slime:1  | XOM: blink monster(s)
 81852 | Crypt:3  | Identified the +7 chain mail of Girejite {Str+3} (You found
                  | it on level 3 of the Crypt)
 81899 | Crypt:1  | XOM: torment (155/236 hp)
 81954 | Vaults:2 | XOM: harmless Tloc miscast
 82152 | D:11     | Bought a translucent chain mail for 256 gold pieces
 82152 | D:11     | Identified the +6 chain mail "Qoniskio" {MR++ Str+3} (You
                  | bought it in a shop on level 11 of the Dungeon)
 82251 | Snake:1  | XOM: give mutations
 82251 | Snake:1  | Lost mutation: You possess an exceptional clarity of mind.
                  | [Xom's mischief]
 82251 | Snake:1  | Lost mutation: You have supernaturally acute eyesight.
                  | (SInv) [Xom's mischief]
 82880 | Snake:3  | Identified the +0 ring mail of Atheism {rElec rN+ rCorr
                  | Dex-5} (You found it on level 3 of the Snake Pit)
 82971 | Lair:1   | XOM: give mutations
 82971 | Lair:1   | Lost mutation: You are somewhat resistant to further
                  | mutation. [Xom's mischief]
 82971 | Lair:1   | Lost mutation: Your flesh is very cold resistant. (rC++)
                  | [Xom's mischief]
 82971 | Lair:1   | Lost mutation: Your flesh is cold resistant. (rC+) [Xom's
                  | mischief]
 82971 | Lair:1   | Lost mutation: You are robust. (+10% HP) [Xom's mischief]
 83285 | Tomb:1   | Entered Level 1 of the Tomb of the Ancients
 83406 | Tomb:1   | Noticed Boris
 83634 | Tomb:1   | XOM: confusion
 83826 | Tomb:1   | XOM: cloud trail
 84531 | D:6      | XOM: scenery: 3 doors close
 84605 | D:11     | Killed Granthy's ghost
 84838 | D:15     | Killed Qishud's ghost
 84840 | D:15     | XOM: enchant monster (good)
 84841 | D:15     | XOM: give mutations
 84841 | D:15     | Gained mutation: You are frail. (-10% HP) [Xom's mischief]
 84841 | D:15     | Lost mutation: You have sharp toenails. [Xom's mischief]
 84841 | D:15     | Lost mutation: You expend magic power (3 MP) to strengthen
                  | your wands. [Xom's mischief]
 84846 | D:15     | XOM: harmless Air miscast
 85020 | D:11     | XOM: give mutation
 85020 | D:11     | Gained mutation: Scrolls take you a little longer to read.
                  | [Xom's mischief]
 85117 | Lair:2   | Killed housinr's ghost
 85267 | Lair:6   | XOM: noise
 85361 | Lair:6   | Killed xeno23's ghost
 85453 | Lair:6   | XOM: mild Tloc miscast
 86113 | Lair:6   | XOM: mild Summ miscast
 86367 | Lair:6   | XOM: medium Hex miscast
 86680 | Lair:6   | XOM: silly message
 86951 | Lair:6   | XOM: medium Hex miscast
 88131 | Lair:6   | XOM: stat loss: -1 Str (17/18)
 88472 | Lair:6   | XOM is BORED!
 88472 | Lair:6   | XOM: give mutations
 88472 | Lair:6   | Lost mutation: You have a considerably increased reservoir
                  | of magic. (+20% MP) [Xom's mischief]
 88472 | Lair:6   | Lost mutation: You are frail. (-10% HP) [Xom's mischief]
 88472 | Lair:6   | Lost mutation: You are covered in thick fur. (AC +2) [Xom's
                  | mischief]
 88472 | Lair:6   | Gained mutation: Armour fits poorly on your strangely
                  | shaped body. [Xom's mischief]
 88936 | Lair:6   | XOM: divination: detect creatures
 89420 | Lair:6   | XOM: give mutation
 89420 | Lair:6   | Gained mutation: Your flesh is heat resistant. (rF+) [Xom's
                  | grace]
 89685 | Lair:6   | XOM: god gift: 4 large rocks
 90264 | Lair:6   | XOM: god gift: 20 bolts
 90939 | Lair:6   | XOM: 2-stop teleportation journey
 91107 | Lair:6   | XOM: god gift: wand of scattershot (6)
 91261 | Lair:6   | XOM: scenery: create altars
 91629 | Lair:6   | XOM: give mutations
 91629 | Lair:6   | Gained mutation: You have large cloven feet. [Xom's grace]
 91629 | Lair:6   | Gained mutation: You are resistant to hostile enchantments.
                  | (MR+) [Xom's grace]
 92334 | Lair:6   | XOM: scenery: create altars
 92531 | Lair:6   | XOM: give mutations
 92531 | Lair:6   | Gained mutation: Your mind is very acute. (Int +4) [Xom's
                  | grace]
 92531 | Lair:6   | Gained mutation: You have a pair of small antennae on your
                  | head. [Xom's grace]
 92531 | Lair:6   | Gained mutation: You have hoof-like feet. [Xom's grace]
 93333 | Lair:6   | XOM: mild Air miscast
 93354 | Lair:6   | XOM: divination: detect creatures
 93510 | Lair:6   | XOM: noise
 93698 | Lair:6   | XOM: noise
 93929 | Lair:6   | XOM: divination: detect creatures
 94170 | Lair:6   | XOM is BORED!
 94382 | Lair:6   | XOM: cloud trail
 94519 | Lair:6   | XOM: harmless Air miscast
 94642 | Lair:6   | XOM: divination: detect items
 94827 | Lair:6   | XOM: cloud trail
 94841 | Lair:6   | XOM: harmless Tmut miscast
 94895 | Lair:6   | XOM: medium Chrm miscast
 95385 | Lair:6   | XOM: harmless Conj miscast
 95465 | Lair:6   | XOM: harmless Conj miscast
 95551 | Lair:6   | XOM: god gift: 26 gold pieces
 95631 | Lair:6   | XOM: give mutations
 95631 | Lair:6   | Lost mutation: Your mind is very acute. (Int +4) [Xom's
                  | mischief]
 95631 | Lair:6   | Lost mutation: You are resistant to hostile enchantments.
                  | (MR+) [Xom's mischief]
 95631 | Lair:6   | Lost mutation: Your mind is acute. (Int +2) [Xom's
                  | mischief]
 95813 | Lair:6   | XOM: divination: detect creatures
 96014 | Lair:6   | XOM: divination: detect creatures
 96515 | Lair:6   | XOM: scenery: create altars
 96635 | Lair:6   | XOM: give mutations
 96635 | Lair:6   | Gained mutation: You are weak. (Str -2) [Xom's mischief]
 96635 | Lair:6   | Lost mutation: Your flesh is heat resistant. (rF+) [Xom's
                  | mischief]
 96643 | Lair:6   | XOM: give mutation
 96643 | Lair:6   | Gained mutation: You are agile. (Dex +2) [Xom's grace]
 96807 | Lair:6   | XOM: god gift: 23 stones
 97122 | Lair:6   | XOM: give mutation
 97122 | Lair:6   | Lost mutation: You are covered in fur. (AC +1) [Xom's
                  | mischief]
 97587 | Lair:6   | XOM: god gift: ration
 98464 | Lair:6   | XOM: god gift: 4 boomerangs
 98539 | Lair:6   | XOM: god gift: ration
 98768 | Lair:6   | XOM: scenery: create altars
100381 | Lair:6   | XOM: harmless Hex miscast
100626 | Lair:6   | XOM: divination: detect creatures
100749 | Lair:6   | XOM is BORED!
100749 | Lair:6   | XOM: harmless Pois miscast
101063 | Lair:6   | XOM: cloud trail
101275 | Lair:6   | XOM: divination: magic mapping
101285 | Lair:6   | XOM: god gift: 52 gold pieces
101433 | Lair:6   | XOM: scenery: create altars
101725 | Lair:6   | XOM: scenery: create altars
102009 | Lair:6   | XOM: scenery: create altars
102058 | Lair:6   | XOM: scenery: create altars
102345 | Lair:6   | XOM is BORED!
102729 | Lair:6   | XOM: god gift: runed short sword {god gift}
103273 | Lair:6   | XOM: god gift: potion of curing
103463 | Lair:6   | XOM: cloud trail
104873 | Lair:6   | Identified Xom's Papyrus of the Ladybird (Xom gifted it to
                  | you on level 6 of the Lair of Beasts)
104873 | Lair:6   | XOM: god gift: Xom's Papyrus of the Ladybird
105116 | Lair:6   | XOM is BORED!
105116 | Lair:6   | XOM: summons 2 hostile shadow creatures
105484 | Lair:6   | XOM: give mutations
105484 | Lair:6   | Gained mutation: You have a pair of antennae on your head.
                  | [Xom's grace]
105484 | Lair:6   | Lost mutation: You are weak. (Str -2) [Xom's grace]
105484 | Lair:6   | Gained mutation: You passively map a small area around you.
                  | [Xom's grace]
105890 | Lair:6   | XOM: harmless Hex miscast
106172 | Lair:6   | XOM: cloud trail
106442 | Lair:6   | XOM: god gift: staff of wizardry {god gift}
106626 | Lair:6   | XOM: cloud trail
106686 | Lair:6   | XOM: god gift: helmet {god gift}
106760 | Lair:6   | XOM: harmless Hex miscast
106861 | Lair:6   | XOM: divination: detect creatures
107468 | Lair:6   | XOM: divination: detect creatures
108993 | Lair:6   | XOM is BORED!
109077 | Lair:6   | XOM: mild Erth miscast
109092 | Lair:6   | XOM: harmless Air miscast
109138 | Lair:6   | XOM: god gift: scroll of enchant armour
109145 | Lair:6   | XOM: mild Tmut miscast
109487 | Lair:6   | XOM: give mutation
109487 | Lair:6   | Lost mutation: You are partially covered in icy blue
                  | scales. (AC +2) [Xom's mischief]
110211 | Lair:6   | XOM: harmless Hex miscast
110232 | Lair:6   | XOM: cloud trail
110565 | Lair:6   | XOM: god gift: scroll of amnesia
110944 | Lair:6   | XOM is BORED!
110944 | Lair:6   | XOM: medium Erth miscast
111098 | Lair:6   | XOM: god gift: 27 stones
111374 | Lair:6   | XOM: mild Necr miscast
111392 | Lair:6   | XOM: harmless Hex miscast
111674 | Lair:6   | XOM: mild Tloc miscast
111718 | Lair:6   | XOM: noise
111724 | Lair:6   | XOM: harmless Summ miscast
112188 | Lair:6   | XOM: cloud trail
112348 | Lair:6   | XOM: harmless Ice miscast
112696 | Lair:6   | XOM: harmless Necr miscast
113237 | Lair:6   | XOM is BORED!
113237 | Lair:6   | XOM: medium Erth miscast
113251 | Lair:6   | XOM: mild Tmut miscast
113508 | Lair:6   | XOM: medium Summ miscast
114997 | Lair:6   | XOM: cloud trail
115287 | Lair:6   | XOM: harmless Fire miscast
115585 | Lair:6   | XOM: cloud trail
115658 | Lair:6   | XOM: harmless Pois miscast
115888 | Lair:6   | XOM: summons 5 hostile demons
115990 | Lair:6   | XOM: mild Tloc miscast
116108 | Lair:6   | XOM is BORED!
116108 | Lair:6   | XOM: mild Summ miscast
116360 | Lair:6   | XOM: smoke on damage
116360 | Lair:6   | XOM: torment (141/214 hp)
116974 | Lair:6   | XOM: noise
117290 | Lair:6   | XOM: noise
117806 | Lair:6   | XOM: harmless Chrm miscast
118142 | Lair:6   | XOM: divination: magic mapping
118147 | Lair:6   | XOM: cloud trail
119105 | Lair:6   | XOM: medium Tloc miscast
120290 | Lair:6   | XOM: medium Air miscast
120579 | Lair:6   | XOM: harmless Necr miscast
120901 | Lair:6   | XOM is BORED!
120978 | Lair:6   | XOM: silly message
121668 | Lair:6   | XOM: silly message
122032 | Lair:6   | XOM: mild Tloc miscast
122045 | Lair:6   | XOM: harmless Pois miscast
122307 | Lair:6   | XOM: harmless Summ miscast
122316 | Lair:6   | XOM: harmless Fire miscast
122423 | Lair:6   | XOM: divination: detect items
122458 | Lair:6   | XOM: harmless Tmut miscast
122550 | Lair:6   | XOM: mild Fire miscast
122723 | Lair:6   | XOM: mild Ice miscast
122961 | Lair:6   | XOM: medium Tloc miscast
123455 | Lair:6   | XOM: mild Chrm miscast
123939 | Lair:6   | XOM: medium Chrm miscast
124720 | Lair:6   | XOM is BORED!
124720 | Lair:6   | XOM: mild Tloc miscast
124782 | Lair:6   | XOM: mild Hex miscast
125490 | Vaults:1 | XOM: mild Erth miscast
125665 | Tomb:1   | Killed Boris
125734 | Tomb:1   | XOM: confuse monster(s)
125758 | Tomb:1   | XOM: divination: detect items
125759 | Tomb:1   | XOM: divination: detect creatures
125784 | Tomb:1   | XOM: potion effect (invisibility)
125800 | Tomb:1   | Reached skill level 15 in Armour
126287 | Tomb:1   | XOM: potion effect (brilliance)
126329 | Tomb:1   | XOM: god gift: wand of clouds (4)
126336 | Tomb:1   | XOM: harmless Conj miscast
126569 | Crypt:3  | XOM: harmless Hex miscast
126747 | Crypt:3  | XOM: harmless Fire miscast
126952 | Crypt:3  | XOM: severe Summ miscast
127067 | Crypt:3  | XOM: harmless Chrm miscast
127110 | Tomb:1   | Noticed a greater mummy
127120 | Tomb:1   | XOM: cast spell 'Summon Butterflies'
127120 | Tomb:1   | Noticed a greater mummy
127125 | Tomb:1   | XOM: summons 3 friendly demons
127133 | Crypt:3  | XOM: summons friendly quasit
127224 | Crypt:3  | XOM: cloud trail
127488 | Tomb:1   | XOM: harmless Hex miscast
127495 | Tomb:1   | Killed a greater mummy
127555 | Crypt:3  | XOM: stat loss: -1 Int (17/18)
127682 | Crypt:3  | XOM: give mutation
127682 | Crypt:3  | Lost mutation: You are surrounded by a mild repulsion
                  | field. (EV +2) [Xom's mischief]
127699 | Tomb:1   | Killed a greater mummy
127734 | Crypt:3  | XOM: mild Erth miscast
127884 | Tomb:1   | XOM: stat loss: -1 Int (14/18)
128270 | Tomb:1   | XOM: medium Tmut miscast
128402 | Tomb:1   | Noticed a greater mummy
128409 | Tomb:1   | XOM: enchant monster (bad)
128429 | Tomb:1   | Killed a greater mummy
128861 | Tomb:1   | XOM: medium Conj miscast
129156 | Tomb:1   | XOM: mild Tloc miscast
129428 | Tomb:1   | XOM: give mutations
129428 | Tomb:1   | Lost mutation: You have a pair of antennae on your head.
                  | [Xom's mischief]
129428 | Tomb:1   | Lost mutation: Scrolls take you a little longer to read.
                  | [Xom's mischief]
129847 | Tomb:1   | XOM: medium Erth miscast
130054 | Tomb:1   | XOM: stat loss: -1 Int (12/18)
130634 | D:14     | XOM: medium Air miscast
131122 | Slime:1  | XOM: noise
131142 | Slime:1  | Gained mutation: You are occasionally teleported next to
                  | monsters. [a shining eye]
131208 | Slime:1  | XOM: summons 13 hostile demons
131375 | Slime:2  | XOM: cloud trail
131455 | Slime:2  | XOM: summons friendly ufetubus
131472 | Slime:2  | XOM: swap monsters
131766 | Slime:3  | XOM: mild Fire miscast
131907 | Slime:3  | XOM: mild Chrm miscast
132014 | Slime:3  | XOM: 4-stop teleportation journey
132130 | Slime:3  | XOM: give mutations
132130 | Slime:3  | Gained mutation: You are somewhat resistant to further
                  | mutation. [Xom's grace]
132130 | Slime:3  | Gained mutation: You have a pair of antennae on your head.
                  | [Xom's grace]
132130 | Slime:3  | Gained mutation: You expend magic power (3 MP) to
                  | strengthen your wands. [Xom's grace]
132130 | Slime:3  | Gained mutation: You are very agile. (Dex +4) [Xom's grace]
132330 | Slime:3  | XOM: mild Summ miscast
132524 | Lair:6   | XOM: silly message
132673 | D:11     | XOM: mild Ice miscast
133057 | Tomb:1   | Noticed a greater mummy
133060 | Tomb:1   | XOM: divination: magic mapping
133063 | Tomb:1   | XOM: summons 4 friendly demons
133066 | Tomb:1   | XOM: summons 4 friendly demons
133073 | Tomb:1   | Killed a greater mummy
133139 | Tomb:1   | Noticed a greater mummy
133140 | Tomb:1   | Noticed a greater mummy
133140 | Tomb:1   | Noticed a greater mummy
133140 | Tomb:1   | Noticed a greater mummy
133140 | Tomb:1   | Noticed a greater mummy
133140 | Tomb:1   | Noticed a greater mummy
133143 | Tomb:1   | Noticed a greater mummy
133143 | Tomb:1   | Noticed a greater mummy
133454 | Tomb:1   | XOM: give mutations
133454 | Tomb:1   | Gained mutation: Your body sometimes deteriorates upon
                  | taking damage. [Xom's mischief]
133454 | Tomb:1   | Lost mutation: You have hoof-like feet. [Xom's mischief]
133454 | Tomb:1   | Lost mutation: You are very agile. (Dex +4) [Xom's
                  | mischief]
133454 | Tomb:1   | Lost mutation: You have a pair of antennae on your head.
                  | [Xom's mischief]
133563 | Tomb:1   | XOM: cleaving
133563 | Tomb:1   | Noticed a greater mummy
133563 | Tomb:1   | Noticed a greater mummy
133564 | Tomb:1   | XOM: fake destruction
133576 | Tomb:1   | XOM: fog
133583 | Tomb:1   | Killed a greater mummy
133583 | Tomb:1   | XOM: swap monsters
133584 | Tomb:1   | Killed a greater mummy
133627 | Tomb:1   | Killed a greater mummy
133757 | Tomb:1   | XOM: scenery: create altars
133766 | Tomb:1   | XOM: summons friendly white imp
133785 | Tomb:1   | Killed a greater mummy
133852 | Tomb:1   | Lost mutation: You are agile. (Dex +2) [potion of mutation]
133852 | Tomb:1   | Lost mutation: You have large cloven feet. [potion of
                  | mutation]
133852 | Tomb:1   | Gained mutation: You have a considerably increased
                  | reservoir of magic. (+20% MP) [potion of mutation]
133889 | Tomb:1   | XOM: noise
133906 | Tomb:1   | XOM: summons friendly iron imp
133936 | Tomb:1   | Noticed a greater mummy
133955 | Tomb:1   | Killed a greater mummy
133974 | Tomb:1   | Noticed a greater mummy
133989 | Tomb:1   | XOM: mild Fire miscast
133997 | Tomb:1   | Noticed a greater mummy
134002 | Tomb:1   | Killed a greater mummy
134016 | Tomb:1   | XOM: polymorph emperor scorpion -> dire elephant
134024 | Tomb:1   | XOM: polymorph dire elephant -> minotaur
134026 | Tomb:1   | XOM: harmless Pois miscast
134028 | Tomb:1   | XOM: cast spell 'Metabolic Englaciation'
134044 | Tomb:1   | Killed a greater mummy
134068 | Tomb:1   | Noticed a greater mummy
134068 | Tomb:1   | Noticed a greater mummy
134068 | Tomb:1   | Noticed a greater mummy
134073 | Tomb:1   | Noticed a greater mummy
134099 | Tomb:1   | XOM: summons 3 hostile demons
134101 | Tomb:1   | XOM: scenery: create altars
134109 | Tomb:1   | XOM: summons 5 friendly demons
134110 | Tomb:1   | Killed a greater mummy
134136 | Tomb:1   | Killed a greater mummy
134507 | Tomb:1   | Killed a greater mummy
134514 | Tomb:1   | XOM: confuse monster(s)
134562 | Tomb:1   | XOM: confuse monster(s)
134569 | Tomb:1   | XOM: confuse monster(s)
134576 | Tomb:1   | Killed a greater mummy
134581 | Tomb:1   | Killed a greater mummy
134590 | Tomb:1   | XOM: fog
134810 | Tomb:1   | Killed a greater mummy
134846 | Tomb:1   | XOM: scenery: 1 doors close
134867 | Tomb:1   | XOM: blink monster(s)
134881 | Tomb:1   | Killed a greater mummy
134885 | Tomb:1   | Killed a greater mummy
135212 | Tomb:2   | Noticed a greater mummy
135240 | Tomb:2   | XOM: smoke on damage
135245 | Tomb:2   | Noticed a greater mummy
135262 | Tomb:1   | Killed a greater mummy
135397 | Tomb:1   | XOM: medium Tloc miscast
135541 | Tomb:1   | XOM: harmless Tmut miscast
135564 | Tomb:1   | Killed a greater mummy
135564 | Tomb:1   | Reached skill level 10 in Summonings
135601 | Tomb:1   | XOM: medium Necr miscast
135770 | Vaults:1 | XOM: god gift: 2 datura-tipped darts
135820 | D:14     | XOM: god gift: 5 boomerangs of dispersal
135953 | Orc:2    | Bought a ration for 50 gold pieces
135953 | Orc:2    | Bought a ration for 50 gold pieces
135953 | Orc:2    | Bought a ration for 50 gold pieces
135953 | Orc:2    | Bought a ration for 50 gold pieces
135953 | Orc:2    | Bought a ration for 50 gold pieces
135953 | Orc:2    | Bought a ration for 50 gold pieces
135953 | Orc:2    | Bought a ration for 50 gold pieces
135953 | Orc:2    | Bought a ration for 50 gold pieces
135953 | Orc:2    | Bought a ration for 50 gold pieces
135953 | Orc:2    | Bought a ration for 50 gold pieces
135953 | Orc:2    | Bought a ration for 50 gold pieces
135964 | Orc:2    | Bought a ration for 60 gold pieces
135964 | Orc:2    | Bought a ration for 60 gold pieces
135964 | Orc:2    | Bought a ration for 60 gold pieces
135964 | Orc:2    | Bought a ration for 60 gold pieces
135964 | Orc:2    | Bought a ration for 60 gold pieces
135964 | Orc:2    | Bought a ration for 60 gold pieces
135964 | Orc:2    | Bought a ration for 60 gold pieces
135964 | Orc:2    | Bought a ration for 60 gold pieces
136098 | D:9      | Cast into level 5 of the Abyss (a distortion unwield)
136098 | Abyss:5  | Entered Level 5 of the Abyss
136112 | Abyss:5  | XOM: divination: detect creatures
136113 | Abyss:5  | XOM: polymorph rakshasa -> hell hog
136227 | Abyss:5  | XOM: fake destruction
136237 | Abyss:5  | XOM: give mutations
136237 | Abyss:5  | Lost mutation: You are somewhat resistant to further
                  | mutation. [Xom's grace]
136237 | Abyss:5  | Gained mutation: You evolve. [Xom's grace]
136237 | Abyss:5  | Gained mutation: Your flesh is heat resistant. (rF+) [Xom's
                  | grace]
136237 | Abyss:5  | Gained mutation: You are agile. (Dex +2) [Xom's grace]
136237 | Abyss:5  | Gained mutation: Your system is resistant to poisons.
                  | (rPois) [Xom's grace]
136245 | Abyss:5  | XOM: potion effect (agility)
136252 | Abyss:5  | XOM: mild Fire miscast
136296 | Abyss:5  | XOM: potion effect (haste)
136298 | Abyss:5  | XOM: cast spell 'Chain of Chaos'
136333 | Abyss:5  | XOM: enchant monster (good)
136343 | Abyss:5  | XOM: divination: magic mapping
136591 | Abyss:5  | XOM: cleaving
136594 | Abyss:5  | Paralysed by accursed screaming for 1 turns
136622 | Abyss:5  | XOM: chaos cloud
136629 | Abyss:5  | Paralysed by you for 2 turns
136640 | Abyss:5  | Paralysed by accursed screaming for 1 turns
136820 | D:9      | Escaped the Abyss
137058 | Vaults:3 | XOM: give mutations
137058 | Vaults:3 | Lost mutation: You evolve. [Xom's mischief]
137058 | Vaults:3 | Lost mutation: Your body sometimes deteriorates upon taking
                  | damage. [Xom's mischief]
137058 | Vaults:3 | Lost mutation: You can translocate small distances at will.
                  | [Xom's mischief]
138034 | Tomb:1   | XOM: give mutations
138034 | Tomb:1   | Lost mutation: You expend magic power (3 MP) to strengthen
                  | your wands. [Xom's mischief]
138034 | Tomb:1   | Lost mutation: Your flesh is heat resistant. (rF+) [Xom's
                  | mischief]
138184 | Tomb:1   | XOM: mild Pois miscast
138464 | Tomb:1   | Killed a greater mummy
138885 | Tomb:1   | XOM: medium Necr miscast
139134 | Tomb:1   | XOM: give mutations
139134 | Tomb:1   | Lost mutation: You are agile. (Dex +2) [Xom's mischief]
139134 | Tomb:1   | Lost mutation: You passively map a small area around you.
                  | [Xom's mischief]
139338 | Tomb:1   | XOM: give mutations
139338 | Tomb:1   | Lost mutation: Armour fits poorly on your strangely shaped
                  | body. [Xom's mischief]
139338 | Tomb:1   | Gained mutation: Armour fits poorly on your strangely
                  | shaped body. [Xom's mischief]
140314 | Tomb:1   | XOM: give mutations
140314 | Tomb:1   | Gained mutation: You occasionally shout uncontrollably at
                  | your foes. [Xom's mischief]
140314 | Tomb:1   | Gained mutation: Your body sometimes deteriorates upon
                  | taking damage. [Xom's mischief]
140314 | Tomb:1   | Lost mutation: You occasionally shout uncontrollably at
                  | your foes. [Xom's mischief]
140553 | Tomb:1   | XOM: harmless Hex miscast
141817 | Tomb:1   | XOM: give mutations
141817 | Tomb:1   | Lost mutation: You have a pair of small antennae on your
                  | head. [Xom's mischief]
141817 | Tomb:1   | Lost mutation: Your body sometimes deteriorates upon taking
                  | damage. [Xom's mischief]
142049 | Tomb:2   | Noticed a greater mummy
142053 | Tomb:2   | Noticed a greater mummy
142066 | Tomb:2   | XOM: divination: magic mapping
142083 | Tomb:2   | XOM: butterfly on damage
142084 | Tomb:2   | XOM: divination: magic mapping
142093 | Tomb:2   | XOM: divination: detect creatures
142174 | Tomb:2   | XOM: 5-stop teleportation journey
142415 | Tomb:2   | XOM: enchant monster (good)
142418 | Tomb:2   | XOM: divination: detect items
142428 | Tomb:2   | XOM: 2-stop teleportation journey
142488 | Tomb:3   | Entered Level 3 of the Tomb of the Ancients
142493 | Tomb:3   | XOM: cast spell 'Alistair's Intoxication'
142496 | Tomb:3   | Found the cursed +13 scythe of Curses {drain, *Curse}
142538 | Tomb:3   | Identified the +6 rapier of Mociggah {pierce, rPois} (You
                  | found it on level 3 of the Tomb of the Ancients)
142594 | Tomb:3   | Learned a level 3 spell: Regeneration
142680 | Tomb:3   | XOM: fog
142729 | Tomb:3   | XOM: mild Tmut miscast
142769 | Tomb:3   | Lost mutation: You have a considerably increased reservoir
                  | of magic. (+20% MP) [potion of mutation]
142769 | Tomb:3   | Lost mutation: Armour fits poorly on your strangely shaped
                  | body. [potion of mutation]
142769 | Tomb:3   | Gained mutation: You do not regenerate when monsters are
                  | visible. [potion of mutation]
142769 | Tomb:3   | Gained mutation: Potions are less effective at restoring
                  | your health. [potion of mutation]
142769 | Tomb:3   | Gained mutation: You are agile. (Dex +2) [potion of
                  | mutation]
142792 | Tomb:3   | XOM: god gift: scroll of amnesia
142874 | Tomb:3   | XOM: summons 12 hostile demons
142991 | Tomb:3   | XOM: scenery: create altars
143037 | Tomb:3   | XOM: cloud trail
143119 | Tomb:3   | XOM: destruction
143187 | Tomb:3   | Noticed a greater mummy
143196 | Tomb:3   | XOM: summons friendly ufetubus
143197 | Tomb:3   | XOM: summons friendly crimson imp
143204 | Tomb:3   | Killed a greater mummy
143226 | Tomb:3   | XOM: polymorph crimson imp -> shadow imp
143233 | Tomb:3   | XOM: enchant monster (good)
143243 | Tomb:3   | Noticed a greater mummy
143244 | Tomb:3   | XOM: potion effect (curing)
143262 | Tomb:3   | Killed a greater mummy
143297 | Tomb:3   | XOM: harmless Tloc miscast
143360 | Tomb:3   | XOM: silly message
143368 | Tomb:3   | Noticed a greater mummy
143396 | Tomb:3   | Killed a greater mummy
143454 | Tomb:3   | Noticed a greater mummy
143471 | Tomb:3   | XOM: potion effect (magic)
143480 | Tomb:3   | Killed a greater mummy
143527 | Tomb:3   | XOM: potion effect (curing)
143544 | Tomb:3   | XOM: harmless Tloc miscast
143564 | Tomb:3   | Noticed Khufu
143565 | Tomb:3   | XOM: scenery: create altars
143694 | Tomb:3   | Noticed a greater mummy
143711 | Tomb:3   | XOM: mild Pois miscast
143723 | Tomb:3   | Killed a greater mummy
143728 | Tomb:3   | XOM: cast spell 'Monstrous Menagerie'
143737 | Tomb:3   | Noticed a greater mummy
143742 | Tomb:3   | XOM: divination: magic mapping
143748 | Tomb:3   | Noticed a greater mummy
143751 | Tomb:3   | HP: 8/214 [death scarab (6)]
143751 | Tomb:3   | Mangled by a death scarab

Levels and vault maps discovered:
D:1:      erik_arrival_triangle_medium, layout_loops_ring, minmay_unequal
D:2:      layout_loops_ring, lemuel_coloured_pillars_altar, first_ration,
          hex_tiny, minivault_19
D:3:      minmay_chambers_of_threes, layout_basic, lightli_temple_of_fire,
          uniq_sigmund, uniq_jessica
D:4:      layout_cave_pods, nicolae_overflow_hidden_temple, okawaru_trees_2,
          tso_oasis_becter
D:5:      layout_gridville
D:6:      minmay_skewed_foursquare, layout_gridville, minmay_temple_entry_waves,
          lexackson_kobold_supper
D:7:      layout_rooms, lemuel_round_altar, overflow_temple_1_default,
          minmay_misc_feat_square, uniq_crazy_yiuf_cottage
D:8:      layout_loops_ring, kennysheep_little_box, uniq_joseph
D:9:      layout_rooms, kennysheep_mini, uniq_psyche
D:10:     layout_small_grid
D:11:     layout_roguey, dpeg_oklobed_lair, serial_shops, shop,
          ebering_ghost_disaster_area, uniq_erica
D:12:     layout_basic, david_orc_5
D:13:     layout_basic
D:14:     layout_big_octagon, david_vaults_4, serial_shops, shop,
          nicolae_trove_entry_columns, dk_noncrumbling_2
D:15:     gammafunk_enter_depths_forms, layout_loops_cross,
          biasface_ghost_orc_armoury, gauntlet_entry_generic
Lair:1:   gammafunk_cloud_chamber, layout_regular_city,
          portal_ice_cave_entry_ice_beasts, lemuel_fruit_fields,
          lemuel_fruit_tree
Lair:2:   layout_cave_shapes, elwin_shoals_entry_rocks,
          minmay_snake_entry_guardpost_medium, basic_altar,
          hellmonk_ghost_happy_afterlife, st_stairs_9, uniq_urug
Lair:3:   layout_big_grid, minmay_stone_trees_medium, minmay_another_anthill,
          infiniplex_staircase_pool_2, grunt_megastairs_3
Lair:4:   layout_roguey [special_room_mythical_zoo], serial_bayou_shore_b
Lair:5:   layout_cave_pods, chequers_serial_rivers_micro_a, beast_lair_carwin_8,
          uniq_kirke
Lair:6:   gammafunk_lair_ancient_temple, layout_cave_shapes,
          minmay_slime_entry_oklob_enclosed, gammafunk_ghost_necromancy
Shoals:1: layout_shoals, nicolae_shoals_wave_tunnel
Shoals:2: layout_shoals
Shoals:3: layout_shoals, lemuel_centaur_altar
Shoals:4: shoals_end_grunt_ice, layout_shoals, uniq_polyphemus
Snake:1:  layout_misc_corridors, uniq_frances, uniq_aizul
Snake:2:  layout_layer_cave, uniq_vashnia
Snake:3:  layout_chambers
Snake:4:  snake_hunt, layout_onion_interference, grunt_ministairs_7,
          serial_bayou_pond_d, grunt_megastairs_2
Slime:1:  layout_caves
Slime:2:  layout_caves
Slime:3:  layout_caves
Slime:4:  layout_caves
Slime:5
Orc:1:    layout_diamond_mine, basic_altar, david_defended_altar_orc,
          uniq_josephine
Orc:2:    st_orc_open, layout_caves, uniq_rupert
Elf:1:    eino_elf_arrival_customs, layout_geoelf_octagon,
          portal_desolation_entry_salt, serial_shops, shop, minivault_28
Elf:2:    layout_gridlike
Elf:3:    nooodl_elf_gasket, layout_gridlike, minmay_shoptagon
Vaults:1: v_misc_8, v_misc_8, grunt_vaults_trifunnel, hangedman_vaults_capsules,
          nicolae_vaults_diagonal_hallway_7, dpeg_vaults_monster_box, v_misc_5,
          hangedman_vaults_stretched_pinwheel, grunt_vaults_bifocal,
          ontoclasm_vaults_gallery, v_misc_10, ontoclasm_vaults_decontamination,
          layout_vaults_ring, serial_shops, nicolae_shop_waterfront, shop,
          shop_fountains
Vaults:2: gammafunk_vaults_ghost_grave, nicolae_vaults_halls_meeting, v_misc_25,
          nicolae_vaults_theta, v_misc_33, ontoclasm_vaults_eye,
          vaults_room_door_ring, layout_vaults_omnigrid, serial_shops, shop
Vaults:3: minmay_crypt_entry_necro_gods, v_misc_10, v_rooms_3,
          vaults_room_large_hall, v_misc_29, v_misc_33, vaults_dpeg_diagonal,
          nicolae_vaults_c_with_doors, nicolae_vaults_little_squares_1,
          v_misc_22, v_misc_12, v_misc_17, v_misc_9,
          nicolae_vaults_little_squares_6, ontoclasm_vaults_hangar,
          layout_vaults_omnibox
Vaults:4: v_pattern_1, v_misc_8, serial_ice_h, st_lines, v_misc_33,
          v_alt_pattern_4, nicolae_vaults_shelves_hall, hangedman_vaults_nodes,
          nicolae_vaults_puzzle_piece, hangedman_vaults_restitches,
          vaults_dpeg_spiral, grunt_vaults_hallway_long, v_rooms_5,
          nicolae_vaults_little_squares_2, layout_vaults_maze, serial_shops,
          nicolae_shop_trees
Vaults:5: serial_shops
Crypt:1:  layout_gridlike
Crypt:2:  layout_misc_corridors
Crypt:3:  due_elkab, layout_chaotic_city, tomb_entry_forgotten_bobbens,
          st_small_mortuary
Tomb:1:   uniq_boris
Tomb:2
Tomb:3:   uniq_khufu

Skill      XL: |  1  2  3  4  5  6  7  8  9 10 11 12 13 14 15 16 17 18 19 20 21 22 23 24 25 26 27 |
---------------+----------------------------------------------------------------------------------+-----
Dodging        | 2 3 4 5 7 8 9 11 12 13 14 | 14.9
Armour         | 3 4 5 10 18 | 18.3
Fighting       | 4 5 6 7 8 9 10 11 12 13 14 15 16 17 | 17.2
Maces & Flails | 4 5 6 |  6.3
Evocations     | 2 3 5 6 7 8 9 10 11 12 13 | 13.2
Short Blades   | 3 6 8 10 11 13 14 | 14.0
Stealth        | 2 4 6 7 9 10 11 12 13 14 15 16 17 18 19 | 19.9
Shields        | 3 5 6 7 8 10 12 13 14 15 | 15.0
Spellcasting   | 3 6 8 10 13 | 13.7
Hexes          | 3 6 8 9 11 13 14 17 | 17.2
Translocations | 3 5 8 |  8.4
Charms         | 1 4 |  4.2
Transmutations | 4 |  4.1
Earth Magic    | 4 |  4.1
Air Magic      | 4 7 9 |  9.0
Summonings     | 2 4 11 | 11.1

Action                   |  1- 3 |  4- 6 |  7- 9 | 10-12 | 13-15 | 16-18 | 19-21 | 22-24 | 25-27 || total
-------------------------+-------+-------+-------+-------+-------+-------+-------+-------+-------++-------
Melee: Mace              |    93 |    14 |       |       |       |       |       |       |       ||   107
       Flail             |       |   170 |   263 |       |       |       |       |       |       ||   433
       Staff             |       |       |   415 |       |       |       |       |       |       ||   415
       Rapier            |       |       |    69 |   883 |  1476 |  1876 |  1604 |  2391 |  4885 || 13184
       Kick              |       |       |       |       |       |       |       |     1 |     4 ||     5
       Headbutt          |       |       |       |       |       |       |       |       |    18 ||    18
Throw: Dart              |       |       |       |       |    10 |       |     2 |       |       ||    12
       Throwing net      |       |       |       |       |       |     6 |     4 |       |     4 ||    14
 Cast: Confusing Touch   |       |       |       |       |       |     8 |     3 |       |       ||    11
       Darkness          |       |       |       |       |       |       |     2 |       |    19 ||    21
       Blink             |       |       |       |       |       |       |     1 |     3 |     8 ||    12
       Silence           |       |       |       |       |       |       |     1 |     1 |    41 ||    43
       Apportation       |       |       |       |       |       |       |       |     2 |     1 ||     3
       Passwall          |       |       |       |       |       |       |       |     1 |     1 ||     2
       Summon Mana Viper |       |       |       |       |       |       |       |       |    17 ||    17
       Regeneration      |       |       |       |       |       |       |       |       |     5 ||     5
 Abil: Evoke Invisibilit |       |       |     5 |    39 |    40 |    29 |    26 |     2 |     9 ||   150
       Evoke Flight      |       |       |       |       |       |     4 |       |       |       ||     4
Evoke: Wand              |       |       |    11 |    19 |     7 |    60 |    21 |    11 |    32 ||   161
       Phantom mirror    |       |       |       |       |     1 |     1 |       |       |       ||     2
       Lamp of fire      |       |       |       |       |       |     3 |     1 |       |     3 ||     7
       Box of beasts     |       |       |       |       |       |     2 |       |       |     6 ||     8
       Fan of gales      |       |       |       |       |       |     1 |       |       |       ||     1
       Phial of floods   |       |       |       |       |       |       |       |     1 |     1 ||     2
  Use: Potion            |       |     6 |     9 |     5 |     4 |    16 |     2 |     1 |    19 ||    62
       Scroll            |       |     2 |    12 |     5 |    18 |    12 |    14 |     5 |    50 ||   118
 Stab: Paralysed         |     1 |       |       |       |     5 |     5 |     1 |       |     2 ||    14
       Confused          |       |     1 |     3 |     6 |     4 |    20 |     5 |     9 |    21 ||    69
       Petrifying        |       |       |     1 |       |     2 |     3 |     1 |       |     1 ||     8
       Invisible         |       |       |     7 |    69 |   123 |    55 |   109 |    13 |    31 ||   407
       Distracted        |       |       |     2 |     4 |     9 |     8 |    11 |    22 |    55 ||   111
       Sleeping          |       |       |     2 |    27 |    52 |    56 |    57 |    48 |    92 ||   334
       Betrayed ally     |       |       |       |       |       |     1 |     1 |       |       ||     2
       Petrified         |       |       |       |       |       |     5 |       |       |     1 ||     6
       Held in net/web   |       |       |       |       |       |     3 |     1 |       |     3 ||     7
  Eat: Chunk             |       |    10 |    21 |    27 |    32 |    34 |    18 |    18 |    18 ||   178
       Ration            |       |       |     1 |     4 |     7 |     6 |     8 |     4 |    73 ||   103
Armor: Leather armour    |    36 |    55 |   317 |    24 |       |       |       |       |       ||   432
       Troll leather arm |       |       |       |   115 |   182 |       |       |       |       ||   297
       Acid dragon scale |       |       |       |       |    61 |   338 |   213 |   295 |   376 ||  1283
       Ring mail         |       |       |       |       |     5 |       |       |       |       ||     5
       Skin              |       |       |       |       |     3 |       |       |     5 |     1 ||     9
       Shadow dragon sca |       |       |       |       |       |       |       |       |   316 ||   316
Dodge: Dodged            |    76 |   124 |   590 |   553 |   920 |  1047 |   733 |   724 |  1471 ||  6238
Block: Buckler           |       |       |       |   138 |   350 |   365 |   243 |   102 |       ||  1198
       Shield            |       |       |       |       |       |       |       |   426 |  1476 ||  1902
